Workbook
Name Z_62A28031_BB72_409E_8219_7B624D8945FD__wvu_PrintArea: '12Observation directe'!$A$1:$I$19
Name Z_62A28031_BB72_409E_8219_7B624D8945FD__wvu_PrintArea: '13DOEquipment'!$A$1:$I$80
Name Z_62A28031_BB72_409E_8219_7B624D8945FD__wvu_PrintArea: '14DOMédicaments'!$A$1:$H$163
Name Z_62A28031_BB72_409E_8219_7B624D8945FD__wvu_PrintArea: '1Generale'!$A$1:$I$137
Name Z_62A28031_BB72_409E_8219_7B624D8945FD__wvu_PrintArea: '3 Ressource humaine'!$A$1:$J$79
Name Z_62A28031_BB72_409E_8219_7B624D8945FD__wvu_PrintArea: '4Liste du personnel'!$A$5:$AE$38
Name Z_62A28031_BB72_409E_8219_7B624D8945FD__wvu_PrintArea: '5Laboratoire'!$A$1:$H$26
Name Z_62A28031_BB72_409E_8219_7B624D8945FD__wvu_PrintArea: '6Services'!$A$3:$J$161
Name Z_62A28031_BB72_409E_8219_7B624D8945FD__wvu_PrintArea: '7SNIS'!$A$1:$J$34
Name Z_62A28031_BB72_409E_8219_7B624D8945FD__wvu_PrintArea: '8Util_HMIS'!$A$3:$T$96
Name Z_62A28031_BB72_409E_8219_7B624D8945FD__wvu_PrintArea: '9Frais imposés aux usagers'!$A$1:$J$59
Name Z_62A28031_BB72_409E_8219_7B624D8945FD__wvu_PrintTitles: '8Util_HMIS'!$A:$B
Name Z_62A28031_BB72_409E_8219_7B624D8945FD__wvu_Rows: '8Util_HMIS'!#REF!
Name Z_DC1A9161_9D02_40DA_9D1E_35691CCD702E__wvu_PrintArea: '11Autonomie'!$A$1:$H$22
Name Z_DC1A9161_9D02_40DA_9D1E_35691CCD702E__wvu_PrintArea: '12Observation directe'!$A$1:$I$80
Name Z_DC1A9161_9D02_40DA_9D1E_35691CCD702E__wvu_PrintArea: '13DOEquipment'!$A$1:$I$80
Name Z_DC1A9161_9D02_40DA_9D1E_35691CCD702E__wvu_PrintArea: '14DOMédicaments'!$A$1:$I$183
Name Z_DC1A9161_9D02_40DA_9D1E_35691CCD702E__wvu_PrintArea: '1Generale'!$A$1:$I$206
Name Z_DC1A9161_9D02_40DA_9D1E_35691CCD702E__wvu_PrintArea: '2Administration'!$A$1:$I$101
Name Z_DC1A9161_9D02_40DA_9D1E_35691CCD702E__wvu_PrintArea: '3 Ressource humaine'!$A$1:$J$79
Name Z_DC1A9161_9D02_40DA_9D1E_35691CCD702E__wvu_PrintArea: '4Liste du personnel'!$A$1:$AI$38
Name Z_DC1A9161_9D02_40DA_9D1E_35691CCD702E__wvu_PrintArea: '5Laboratoire'!$A$1:$H$61
Name Z_DC1A9161_9D02_40DA_9D1E_35691CCD702E__wvu_PrintArea: '6Services'!$A$1:$J$172
Name Z_DC1A9161_9D02_40DA_9D1E_35691CCD702E__wvu_PrintArea: '7SNIS'!$A$1:$J$34
Name Z_DC1A9161_9D02_40DA_9D1E_35691CCD702E__wvu_PrintArea: '8Util_HMIS'!$A$1:$T$96
Name Z_DC1A9161_9D02_40DA_9D1E_35691CCD702E__wvu_PrintArea: '9Frais imposés aux usagers'!$A$1:$J$84
Name Z_DC1A9161_9D02_40DA_9D1E_35691CCD702E__wvu_PrintArea: Couverture!$A$1:$U$56
Name Z_DC1A9161_9D02_40DA_9D1E_35691CCD702E__wvu_PrintTitles: '4Liste du personnel'!$A:$A
Name Z_DC1A9161_9D02_40DA_9D1E_35691CCD702E__wvu_PrintTitles: '8Util_HMIS'!$A:$B

Sheet Couverture
A1: REPUBLIQUE DEMOCRATIQUE DU CONGO
A2: MINISTERE DE LA SANTE PUBLIQUE
A3: ENQUETE À MI-PARCOURS POUR L'ÉVALUATION D'IMPACT DU PDSS
A4: 2018
A6: QUESTIONNAIRE DESTINE AUX FORMATIONS SANITAIRES
A7: F1 : QUESTIONNAIRE D'ÉVALUATION DES FORMATIONS SANITAIRES
A9: SITUATION GÉOGRAPHIQUE
A11: Province (DPS): | I11: District (DPS)
I12: Aire de santé
A13: Zone de Santé (ZS)_______________ | I13: Nom de Fosa
K14: Type de la Formation sanitaire: | O14: Hôpital | R14: 1
A15: Village / Quartier : | O15: Centre de santé | R15: 2
F18: Public | L18: 1 | M18: Catégorie de formation sanitaire
A19: Statut de FOSA | F19: Privé à but lucratif | L19: 2 | N19: PMA | P19: 1
F20: Privé à but non-lucratif | L20: 3 | N20: PCA | P20: 2
F21: Confessionel | L21: 4
F22: Parapublic (État-confessionel, État-Privé) | L22: 5
B24: COORDONNÉES GPS DE LA FORMATION SANITAIRE
C26: LATITUDE (NORD): | J26: .
C28: LONGITUDE (EST): | J28: .
C31: MILIEU DE RESIDENCE | G31: Urbain | I31: 1
G33: Rural | I33: 2
A35: VISITES DES FORMATIONS SANITAIRES
A37: NOM/PRENOM DE L'ENQUÊTEUR: | N37: CODE ENQUETEUR:
A39: Date Visite | C39: JOUR | E39: MOIS | G39: ANNÉE
A47: CONSENTEMENT ECLAIRE, A RECUEILLIR AVANT LE DEBUT DE L'ENTREVUE
A48: ENQUETEUR : Bonjour/Bonsoir ! Je m'appelle _______ , je travaille pour ACT for performance. Le Ministère de la santé publique nous a demandé de mener une étude sur les formations sanitaires dans la province (du)de l'..... . Aujourd'hui, nous allons nous entretenir avec les personnes concernées par l'offre et la demande des soins de santé . Nous voulons déterminer le niveau général et la qualité des prestations de service dans les formations sanitaires dans la province (du)de l'..... Si vous acceptez de prendre part à cet entretien, nous vous assurons que les informations fournies seront traitées confidentiellement. Vous avez le droit de refuser de prendre part à l'entretien au début ou de l'interrompre à n'importe quelle étape. Toutefois, nous vous réaffirmons que les informations que vous allez fournir sont d'une importance capitale pour les décideurs et acteurs impliqués dans le secteur de la santé (Gouvernements central et provincial, partenaires au dévelopement, confessions réligieuses, ONGs, société civile) qui s'en serviront pour l'amélioration des services de santé et des conditions de vie de la population dans votre province . Acceptez-vous prendre part à l'enquête aujourd'hui ?
F54: OUI | H54: 1
F55: NON | H55: 2

Sheet 1Generale
A1: =-1 -> -1 | B1: Informations générales
A2: (A) | B2: Général | H2: INSCRIRE LES RÉPONSES
A3: PERSONNE INTERROGÉE : RESPONSABLE DE LA FORMATION SANITAIRE MEDECIN Directeur(HGR) ou Infirmier titulaire(CS) OU TOUT AUTRE MEMBRE DU PERSONNEL AUTORISÉ
A4: =A1-0.01 -> -1.01 | B4: Êtes-vous responsable de cette formation sanitaire( ? (Si non, demandez à voir la personne autorisée le jour du passage pour continuer) | C4: OUI | E4: 1 | H4: |___|
C5: NON | E5: 2
A6: =A4-0.01 -> -1.02 | B6: A) Quelle fonction occupez-vous dans cette formation sanitaire? | C6: Médecin Directeur | E6: 1 | H6: |___||___|
C7: Médecin Chef de Staff | E7: 2
C8: Directeur de nursing | E8: 3
C9: Infirmier Titulaire/ | E9: 4
C10: Autre, préciser _______________ _____) | E10: 7
A11: =A6-0.01 -> -1.03 | B11: B) Quel est votre profil ? | C11: Médecin (y compris spécialiste) | E11: 1 | H11: |___||___|
C12: Administrateur Gestionnaire | E12: 2
C13: Chirurgien Dentiste | E13: 3
C14: Infirmier L2 | E14: 4
C15: Infirmier A1 | E15: 5
C16: Infirmier A2 | E16: 6
C17: Technicien de Laboratoire A1 | E17: 7
C18: Kinésithérapeute | E18: 8
C19: Technicien de Laboratoire A2 | E19: 9
C20: Sage femme | D20: 0 | E20: 10
C21: Autre (à préciser) | E21: 97
A23: =A11-0.01 -> -1.04 | B23: Qui est le propriétaire de cette formation sanitaire? | C23: Gouvernement | E23: 1 | H23: |___|
C24: Para étatique | E24: 2
C25: Organisation privée à but lucratif | E25: 3
C26: Organisation Non Gouvernementale à but non lucratif | E26: 4
C27: Organisation confessionnelle | E27: 5
C28: Particulier | E28: 6
C29: Militaire / police | E29: 7
C30: Autre Spécifiez | E30: 97
A31: =A23-0.01 -> -1.05 | B31: En quelle année cette formation sanitaire a-t-elle été mise en service? ENQUETEUR : UTILISER CE FORMAT POUR L'ANNÉE AAAA (EX 1941). | H31: |___|___|___|___|
A32: =A31-0.01 -> -1.06 | B32: Quand a eu lieu le dernier investissement de grande importance dans l'infrastructure ? ENQUETEUR : INSCRIRE l' ANNÉE. IL S'AGIT ENTRE AUTRES DE GRANDS TRAVAUX DE PEINTURE, PLOMBERIE, AGRANDISSEMENT DU BÂTIMENT, ETC. | D32: ANNÉE "AAAA" | H32: |___|___|___|___|
B33: SI NON APPLICABLE; NOTEZ 9999
A34: =A32-0.01 -> -1.07 | B34: Cette formation sanitaire fonctionne-t-elle 24 heures sur 24, 7 jours sur 7, avec des agents sanitaires compétents? | C34: OUI, OFFICIELLEMENT | E34: 1 | F34: ► | G34: =A52 -> -1.13 | H34: |___|
C35: OUI, DE MANIÈRE INFORMELLE / DANS LA PRATIQUE | E35: 2 | F35: ► | G35: =A52 -> -1.13
C36: NON | E36: 3
A37: =A34-0.01 -> -1.08 | B37: À quelle heure de la journée commencez-vous les soins aux malades externes? | C37: a. | D37: Jours fériés | H37: |___|___|___|___|
B38: ENQUÊTEUR : INSCRIRE DANS TOUTES LES CASES SELON LE FORMAT SUIVANT. EX SI LE DÉBUT C'EST 7h, INSCRIRE 0700. SI C'EST 19 heures, INSCRIRE 1900. | C38: b. | D38: Jours ouvrés | H38: |___|___|___|___|
H39: |___|___|___|___|
B40: SI LA FOSA EST FERMEE, INSCRIRE 9996 | C40: d. | D40: Dimanche | H40: |___|___|___|___|
A41: =A37-0.01 -> -1.09 | B41: À quelle heure prennent fin les soins aux malades externes? | C41: a. | D41: Jours fériés | H41: |___|___|___|___|
B42: ENQUÊTEUR : INSCRIRE PARTOUT SELON LE FORMAT SUIVANT. EX SI LE DÉBUT C'EST 7h, INSCRIRE 0700. SI C'EST 19 heures, INSCRIRE 1900. | C42: b. | D42: Jours ouvrés | H42: |___|___|___|___|
B43: SI LA FOSA EST FERMEE, INSCRIRE 9996 | C43: d. | D43: Dimanche | H43: |___|___|___|___|
A44: =A41-0.01 -> -1.1 | B44: La formation sanitaire fait-elle une pause en milieu de journée ? | D44: OUI | E44: 1 | H44: |___|
D45: NON | E45: 2 | F45: ► | G45: =A52 -> -1.13
A46: =A44-0.01 -> -1.11 | B46: À quelle heure les soins recommencent-ils l'après-midi pour les malades externes? | C46: a. | D46: Jours fériés | H46: |___|___|___|___|
B47: ENQUÊTEUR : INSCRIRE PARTOUT SELON LE FORMAT SUIVANT. EX SI LE DÉBUT C'EST 7h, INSCRIRE 0700. SI C'EST 19 heures, INSCRIRE 1900. | C47: b. | D47: Jours ouvrés | H47: |___|___|___|___|
C48: d. | D48: Dimanche | H48: |___|___|___|___|
A49: =A46-0.01 -> -1.12 | B49: À quelle heure les soins finissent-ils l'après-midi pour les malades externes? | C49: a. | D49: Jours fériés | H49: |___|___|___|___|
B50: ENQUÊTEUR : INSCRIRE PARTOUT SELON LE FORMAT SUIVANT. EX SI LE DÉBUT C'EST 7h, INSCRIRE 0700. SI C'EST 19 heures, INSCRIRE 1900. | C50: b. | D50: Jours ouvrés | H50: |___|___|___|___|
C51: d. | D51: Dimanche | H51: |___|___|___|___|
A52: =A49-0.01 -> -1.13 | B52: Citez les quatre principales sources de financement ou de revenus (entrées en argent liquide) de cette formation sanitaire? | C52: a. | D52: Gouvernement central (Salaires) | H52: |___|
C53: b. | D53: Gouvernement provincial | H53: |___|
C54: c. | D54: Communauté (Frais de prestation ou contributions) | H54: |___|
B55: ENQUÊTEUR : NE LISEZ PAS LES OPTIONS. POUR CHACUNE DES SOURCES DE FINANCEMENT CITÉES PAR LE SUJET INTERROGÉ INSCRIRE "1" DANS LA LIGNE CORRESPONDANTE. POUR TOUTES LES SOURCES DE FINANCEMENT QUE LE SUJET INTERROGÉ NE CITERA PAS PARMI LES QUATRE PRINCIPALES SOURCES, INSCRIRE "2". Aucune case ne doit être laissé vide. | C55: d. | D55: Partenaire technique et financier | H55: |___|
C56: e. | D56: Mutuelles de santé | H56: |___|
C57: f. | D57: Convention avec employeur | H57: |___|
C58: g. | D58: AUTRE (Préciser) | H58: |___|
A59: =A52-0.01 -> -1.14 | B59: Quel montant avez-vous reçu de chacune des sources suivantes en 2017 en Franc Congolais (FC)? | C59: a. | D59: GOUVERNEMENT CENTRAL (Salaires) | H59: |___|___|___|___|___|___|___|___|
C60: b. | D60: GOUVERNEMENT PROVINCIAL | H60: |___|___|___|___|___|___|___|___|
C61: c. | D61: Communauté (Frais de prestation ou contributions) | H61: |___|___|___|___|___|___|___|___|
C62: d. | D62: Partenaire technique et financier | H62: |___|___|___|___|___|___|___|___|
B63: ENQUÊTEUR : POUR CHAQUE SOURCE, (PAS SEULEMENT LES 4 PRINCIPALES), INSCRIRE LE MONTANT RECU EN Franc Congolais (FC). S'IL EST DE ZERO FRANC, INSCRIRE "0000". | C63: e. | D63: Mutuelles de santé | H63: |___|___|___|___|___|___|___|___|
C64: f. | D64: Convention avec employeur | H64: |___|___|___|___|___|___|___|___|
D65: AUTRE (Préciser) | H65: |___|___|___|___|___|___|___|___|
A66: =A59-0.01 -> -1.15 | B66: Montant total reçu en Franc Congolais (FC) (ENQUÊTEUR : Confirmez) | H66: |___|___|___|___|___|___|___|___||___|
A67: =A66-0.01 -> -1.16 | B67: ENQUÊTEUR : SOURCES D'INFORMATION consultées pour obtenir le montant Total reçu | C67: Dossiers de la formation sanitaire | E67: 1 | H67: |___|
C68: Aucune source: Reponse verbal | E68: 2
C69: Autre à preciser | E69: 7
A70: =A67-0.01 -> -1.17 | B70: ENQUÊTEUR : PRÉCISEZ LES SOURCES D'INFORMATION CONSULTÉES POUR OBTENIR LE MONTANT DES DÉPENSES METTEZ "1" SI LA SOURCE EST CITÉE ET "2" CE N'EST PAS CITÉ | C70: a. Documents de la formation sanitaire | F70: 1 | H70: |___|
C71: b. Aucune source: reponse verbal | F71: 2
C72: c. Autre à preciser | F72: 7
A73: =A70-0.01 -> -1.18 | B73: Quelles sont les sources d'énergie utilisées dans cette FOSA? (QCM) | C73: SNEL | I73: |___|
C74: Groupe électrogène | I74: |___|
B75: ENQUÊTEUR: NE LISEZ PAS LES OPTIONS. METTEZ "1" SI LA SOURCE EST CITEE ET "2" SI CE N'EST PAS CITÉ | C75: Plaque solaire | I75: |___|
C76: Aucune source d'électricité | F76: ► | G76: =A81 -> -1.21 | I76: |___|
C77: AUTRE ___________________________) | I77: |___|
A78: =A73-0.01 -> -1.19 | B78: Y a-t-il eu des coupures de courant électrique au cours des 7 derniers jours? | C78: OUI | E78: 1 | H78: |___|
C79: NON | E79: 2 | F79: ► | G79: =A81 -> -1.21
A80: =A78-0.01 -> -1.2 | B80: Pendant combien d'heures n'avez-vous pas eu de courant électrique pendant les 7 derniers jours? | C80: MAXIMUM 168 heures | H80: |___|___|___|
A81: =A80-0.01 -> -1.21 | B81: Quelle est la principale source d'approvisionnement en eau | C81: REGIDESO | E81: 1 | H81: |___|___|
C82: Puits protégé | E82: 2
C83: Puits non protégé | E83: 3
C84: Source aménagée | E84: 4
B85: ENQUÊTEUR: UNE SEULE REPONSE POSSIBLE | C85: Source non aménagée | E85: 5
C86: Eau de pluie | E86: 6
C87: Camion citerne à eau/ vendeur | E87: 7
C88: Forage | E88: 8
C89: Eau superficielle (lac, rivière ou ruisseau) | E89: 9 | F89: ► | G89: =A94 -> -1.25
C90: AUTRE, PRÉCISER: _______________ ___________________________) | E90: 97
A91: -1.23 | B91: Pendant les 7 derniers jours, y-a-t-il eu manque d'eau dans la formation sanitaire? | C91: OUI | E91: 1 | H91: |___|
C92: NON | E92: 2 | F92: ► | G92: =A94 -> -1.25
A93: =A91-0.01 -> -1.24 | B93: Pendant les 7 derniers jours, pendant combien d'heures y-a-t-il eu manque d'eau dans la formation sanitaire? | C93: MAXIMUM 168 heures | H93: |___|___|___|
A94: =A93-0.01 -> -1.25 | B94: A quelle distance se trouve la source d'eau la plus proche de la formation sanitaire? S'il y-a de L'EAU DISPONIBLE DANS LA FORMATION SANITAIRE, NOTER "00". | C94: Kilometres | H94: |___|___|
A96: =A94-0.01 -> -1.26 | B96: La formation sanitaire dispose-t-elle d'une radio aérienne de communication (Phonie) opérationnelle? | C96: OUI | E96: 1 | H96: |___|
C97: NON | E97: 2
A98: =A96-0.01 -> -1.27 | B98: La formation sanitaire dispose-t-elle d'une ligne téléphonique, qu'il s'agisse d'un téléphone fixe ou portable? | C98: OUI, fixe | E98: 1 | F98: ► | G98: =A105 -> -1.3 | H98: |___|
C99: OUI,PORTABLE | E99: 2 | F99: ► | G99: =A105 -> -1.3
C100: Oui, les deux | E100: 3 | F100: ► | G100: =A105 -> -1.3
C101: NON | E101: 4
A102: =A98-0.01 -> -1.28 | B102: Y a-t-il des services téléphoniques fonctionnels dans la communauté en dehors du téléphone du personnel que le personnel de la formation sanitaire peut utiliser, si nécessaire? | C102: OUI | E102: 1 | H102: |___|
...

Sheet 2Administration
A1: =-2 -> -2 | B1: Administration et gestion | H1: INSCRIRE LES REPONSES
A2: PERSONNE INTERROGÉE: RESPONSABLE DE LA FORMATION SANITAIRE MÉDECIN Directeur(HGR) ou Infirmier titulaire(CS) OU AUTRE MEMBRE DU PERSONNEL AUTORISE
A3: =A1-0.01 -> -2.01 | B3: Y a-t-il un Comité de santé (COSA), Comité de Direction (CODI), ou un Comité de Gestion (COGE) pour cette formation sanitaire ? | C3: OUI | E3: 1 | H3: |___|
C4: NON | E4: 2 | F4: ► | G4: =A45 -> -2.07
A5: =A3-0.01 -> -2.02 | B5: Combien de membres siègent à ces comités? (ECRIRE LE NOMBRE) | H5: |___|___|
A6: =A5-0.01 -> -2.03 | B6: Les personnes suivantes sont-elles représentées dans ce comité? | C6: a. | D6: Chef de de service ou Chef d'unité | H6: |___|
C7: b. | D7: Médecin Directeur | H7: |___|
C8: c. | D8: Représentant des infirmiers titulaires | H8: |___|
C9: d. | D9: Représentant du comité de santé | H9: |___|
B10: ENQUÊTEUR : LIRE TOUTES LES OPTIONS À HAUTE VOIX. POUR CHAQUE OPTION, INSCRIRE "1" si OUI, "2" SI NON. | C10: e. | D10: Représentant(s) du village/quartier | H10: |___|
C11: f. | D11: Partenaires privés et confessionnels | H11: |___|
C12: g. | D12: Médecin Inspecteur/Chef de la division provinciale | H12: |___|
C13: g1 | D13: Medicin chef de staff
C14: h. | D14: Représentant des associations de développement | H14: |___|
C15: I. | D15: Autre (A préciser) | H15: |___|
A16: =A6-0.01 -> -2.04 | B16: Au cours des 12 derniers mois, combien de réunions du CODI/COGES/COSA de la formation sanitaire - avec Compte Rendu - ont été tenues? | H16: |__|__|
A17: (2.04a) | B17: Lors de ces réunions, en quoi les CODI/ COGES/ COSA ont participé? 1 OUI 2 NON | C17: a. | D17: dans la définition des Objectifs/ résultats attendus | H17: |___|
C18: b. | D18: dans la mise en oeuvre des activités | H18: |___|
C19: c. | D19: Dans le suivi/ évaluation des résultats | H19: |___|
C20: d. | D20: dans le suivi/ évaluation de la qualité de soins? | H20: |___|
C21: e. | D21: dans la définition des motivations/ sanctions | H21: |___|
A22: =A16-0.01 -> -2.05 | B22: La formation sanitaire possède t-elle des documents écrits des réunions du CODI/COGES/COSA (minutes, décisions,rapports,procès verbal, etc)? | C22: OUI | E22: 1 | H22: |___|
C23: NON | E23: 2
A24: =A22-0.01 -> -2.06 | B24: Quelles initiatives ont été prises par le CODI/COGES/ COSA de la formation sanitaire et mis en œuvre au cours des 12 derniers mois? | C24: a. | D24: Soutien administratif à la formation sanitaire, par exemple approuver les paiements | H24: |___|
C25: b. | D25: Fourniture de matériel ou équipements nouveaux | H25: |___|
C26: c. | D26: Nouvelles infrastructures | H26: |___|
C27: d. | D27: Travaux de réparations | H27: |___|
B28: NE LISEZ PAS LES OPTIONS À HAUTE VOIX. Pour chaque option, INSCRIRE "1" si mentionné, ET "2" si rien n'est indiqué. | C28: e. | D28: Approvisionnement en médicaments | H28: |___|
C29: f. | D29: Action de sensibilisation/Mobilisation de la communauté à l'utilisation des services de la formation sanitaire | H29: |___|
C30: g. | D30: Aider à transporter le personnel pour les visites à domicile | H30: |___|
C31: h. | D31: Dons en nature | H31: |___|
C32: i. | D32: Amélioration de la sécurité de la formation sanitaire | H32: |___|
C33: j. | D33: Amelioration de la qualité de l'eau | H33: |___|
C34: k. | D34: Augmenter la quantité d'une eau de qualité à la formation | H34: |___|
C35: l. | D35: Appui à la formation des agents de santé communautaires | H35: |___|
C36: m | D36: Appui aux équipes mobiles | H36: |___|
C37: n. | D37: Vérification des performances de la formation sanitaire en matière de santé maternelle et infantile | H37: |___|
C38: o. | D38: Assainissement de l'environnement (ex. destruction des gîtes larvaires) | H38: |___|
C39: p. | D39: Pulvérisation à effet permanent dans les domiciles | H39: |___|
C40: q. | D40: Dépistage des maladies | H40: |___|
... C44: u. | D44: Autre (A préciser) | H44: |___|
A45: =A24-0.01 -> -2.07 | B45: Le budget pour les interventions de la formation sanitaire pour l'exercice en cours a-t-il été élaboré? | C45: Oui, vu | E45: 1 | H45: |___|
C46: OUI, pas vu | E46: 2
B47: DEMANDEZ A VOIR LE DOCUMENT DE BUDGET | C47: NON | E47: 3
A48: =A45-0.01 -> -2.08 | B48: Le plan d'actions de la formation sanitaire pour l'exercice en cours a-t-il été élaboré? | C48: Oui, vu | E48: 1 | H48: |___|
C49: OUI, pas vu | E49: 2
B50: DEMANDEZ A VOIR LE PLAN DE TRAVAIL ANNUEL. | C50: NON | E50: 3 | F50: ► | G50: =A61 -> -2.11
A51: =A48-0.01 -> -2.09 | B51: Qui sont ceux qui ont pris part à son élaboration? | C51: a. | D51: Médecin directeur/ Infirmier Titulaire | H51: |___|
C52: b. | D52: Bourgmestre / chef de secteur / chef de la cheferie / chef de village | H52: |___|
C53: c. | D53: Personnel(s) de la formation sanitaire | H53: |___|
C54: d. | D54: Personnel(s) d'Organisation Non Gouvernementale | H54: |___|
B55: LIRE TOUTES LES OPTIONS A HAUTE VOIX. Pour chaque option, INSCRIRE "1" SI OUI, "2" SI NON. | C55: e. | D55: Membre équipe cadre de Zone (Médecin chef de zone,MD, AG,IS ) | H55: |___|
C56: f. | D56: Personne ressource de la communauté | H56: |___|
C57: g. | D57: Représentant des secteurs connexes ( éducation, affaire sociale, agriculture; etc) | H57: |___|
C58: h. | D58: Autre, spécifiez | H58: |___|
A59: =A51-0.01 -> -2.1 | B59: Les activités de santé prioritaires identifiées pour l'aire de santé sont-elles priorisées dans ce plan d'actions pour l'année en cours? | C59: Oui | E59: 1 | H59: |___|
C60: Non | E60: 2 | F60: ► | G60: =A76 -> -2.12
A61: =A59-0.01 -> -2.11 | B61: Maintenant, je vais vous lire une liste de services. Pour chaque service, vous me direz celui programmé pour l'année en cours. | C61: a. | D61: Soins prénataux | H61: |___|
C62: b. | D62: Accouchement assisté par un personnel qualifié | H62: |___|
C63: c. | D63: Soins du post partum/ consultation post-natale | H63: |___|
C64: d. | D64: Vaccination | H64: |___|
B65: LIRE TOUTES LES OPTIONS À HAUTE VOIX. POUR CHAQUE OPTION, METTRE "1" SI OUI / PRIORITÉ ", 2" SI NON / PAS UNE PRIORITÉ. | C65: e. | D65: Consultations curatives | H65: |___|
C66: f. | D66: La planification familiale | H66: |___|
C67: g. | D67: Nutrition | H67: |___|
C68: h. | D68: Prise en charge Intégrée des maladies de l'enfant (PCIME) | H68: |___|
C69: i. | D69: Paludisme | H69: |___|
C70: j. | D70: Tuberculose | H70: |___|
C71: k. | D71: VIH / Sida | H71: |___|
C72: k. | D72: Counseling | H72: |___|
C73: l. | D73: Promotion et suivi de la santé | H73: |___|
C74: m | D74: Consultations préscolaires | H74: |___|
C75: n | D75: Autre (A préciser) | H75: |___|
A76: =A61-0.01 -> -2.12 | B76: Combien de réunions du personnel de la formation sanitaire ont eu lieu au cours des 3 derniers mois? | H76: |___||___|
A77: =A76-0.01 -> -2.13 | B77: Est-ce que le document écrit énumérant les tâches du personnel de la formation sanitaire est suivi - veuillez montrer l'évidence? | C77: Oui, Vu | E77: 1 | H77: |___|
C78: Oui, pas vu | E78: 2
C79: Non | E79: 3
A80: =A77-0.01 -> -2.14 | B80: Au cours des 3 derniers mois, combien de visites de supervisions (non-inclues les visites de coaching)ont été faites par l' Équipe cadre de la zone de Santé? | H80: |___|
B81: SI IL N'Y A PAS EU DES VISITES, INSCRIRE '' 0''.
A82: =A80-0.01 -> -2.15 | B82: Au cours des 3 derniers mois, combien de visites ont été faites par un partenaire technique et financier dans le cadre de la supervision ou de l'appui technique? | H82: |___|
B83: SI IL N'Y A PAS EU DES VISITES, INSCRIRE '' 0''.
A84: =A82-0.01 -> -2.16 | B84: Au cours des 3 derniers mois, combien de visites ont été faites par cette formation sanitaire aux Relais communautaires dans le cadre de la supervision ou de l'appui technique? | H84: |___|
B85: SI IL N'Y A PAS EU DES VISITES, INSCRIRE '' 0''.
A86: NB : la période pendant laquelle le sujet interrogé doit faire appel à sa mémoire est maintenant de 12 MOIS
A87: =A84-0.01 -> -2.17 | B87: Pendant les 12 derniers mois, combien de fois la performance du personnel a-t-elle été évaluée en interne, c'est à dire par des personnes au sein de la formation sanitaire? | C87: SI ZÉRO | F87: ► | G87: =A90 -> -2.19 | H87: |___|
A88: =A87-0.01 -> -2.18 | B88: Le résultat de cette évaluation interne de la performance du personnel influence-t-il les salaires du personnel ou primes de performance? | C88: OUI | E88: 1 | H88: |___|
C89: NON | E89: 2
A90: =A88-0.01 -> -2.19 | B90: Au cours des 12 derniers mois, combien de fois la performance du personnel a-t-elle été évaluée en externe, c'est à dire par des personnes extérieures à la formation sanitaire, par exemple, l'équipe du niveau central,l'équipe de la division provinciale ou l'équipe de la zone sanitaire? | C90: SI ZÉRO | F90: ► | G90: =A93 -> -2.21 | H90: |___|
A91: =A90-0.01 -> -2.2 | B91: Le résultat de cette évaluation des performances du personnel influence-t-il les salaires du personnel ou un prime des performances? | C91: OUI | E91: 1 | H91: |___|
C92: NON | E92: 2
A93: =A91-0.01 -> -2.21 | B93: Au cours des 12 derniers mois, combien de fois la performance générale de la formation sanitaire a-t-elle été évalué en externe, c'est à dire par des personnes éxterieures à la formation sanitaire? ( voir 2,19) | C93: SI ZÉRO | F93: ► | G93: =A96 -> -2.23
A94: =A93-0.01 -> -2.22 | B94: Le résultat de l'évaluation de la performance extérieure de la formation sanitaire influence-t-il le financement de la structure sanitaire ? | C94: OUI | E94: 1 | H94: |___|
C95: NON | E95: 2
A96: =A94-0.01 -> -2.23 | B96: La formation sanitaire recueille-t-elle des informations sur l'opinion des patients au moyen de sondages, plaintes, boîte à suggestions ou une autre méthode? | C96: OUI | E96: 1 | H96: |___|
C97: NON | E97: 2 | F97: ► | G97: ='3 Ressource humaine'!$A$4 -> -3.01
A98: =A96-0.01 -> -2.24 | B98: Y a-t-il un mécanisme officiel pour informer le personnel sur l'opinion des patients? | C98: OUI | E98: 1 | H98: |___|
C99: NON | E99: 2
A100: =A98-0.01 -> -2.25 | B100: Au cours des 12 derniers mois, y a-t-il eu des changements résultant des points de vue des patients? | C100: OUI | E100: 1 | H100: |___|
C101: NON | E101: 2

Sheet 3 Ressource humaine
A1: =-3 -> -3 | B1: Ressources humaines
A2: PERSONNE INTERROGÉE: Responsable des ressources humaines, Chef de la formation sanitaire ou le membre du personnel le mieux informé
A3: (A) | B3: Gestion des ressources humaines | G3: INSCRIRE LES RÉPONSES
A4: =A1-0.01 -> -3.01 | B4: Qui a le pouvoir d'embaucher le nouveau personnel? | C4: Chef de la formation sanitaire | G4: |___|
C5: Équipe cadre de zone (ECZ)? | G5: |___|
C6: Ministère de la fonction publique | G6: |___|
B7: LIRE TOUTES LES OPTIONS À HAUTE VOIX. POUR CHAQUE OPTION, INSCRIRE "1" SI LA RÉPONSE EST OUI, ET "2" SI C'EST NON. | C7: Administration locale | G7: |___|
C8: Organisation Non Gouvernementale | G8: |___|
C9: Autorité religieuse | G9: |___|
C10: Membres de la communauté | G10: |___|
C11: COSA/CODI/COGES | G11: |___|
C12: AUTRE, spécifiez | G12: |___|
A13: =A4-0.01 -> -3.02 | B13: Qui a le pouvoir de licencier le personnel? | C13: Chef de la formation sanitaire | G13: |___|
C14: Équipe cadre de zone (ECZ) | G14: |___|
C15: Ministère de la fonction publique | G15: |___|
B16: LIRE TOUTES LES OPTIONS À HAUTE VOIX. POUR CHAQUE OPTION, INSCRIRE "1" SI LA RÉPONSE EST OUI, ET "2" SI C'EST NON. | C16: Administration locale | G16: |___|
C17: Organisation Non Gouvernementale | G17: |___|
C18: Autorité religieuse | G18: |___|
C19: Membres de la communauté | G19: |___|
C20: COSA /CODI/COGES | G20: |___|
C21: AUTRE, spécifiez | G21: |___|
A22: =A13-0.01 -> -3.03 | B22: Qui a le pouvoir de déterminer la rémunération du personnel? | C22: Chef de la formation sanitaire | G22: |___|
C23: Équipe cadre de zone (ECZ) | G23: |___|
C24: Ministère de la fonction publique | G24: |___|
C25: Administration locale | G25: |___|
B26: LIRE TOUTES LES OPTIONS À HAUTE VOIX. POUR CHAQUE OPTION, INSCRIRE "1" SI LA RÉPONSE EST OUI, ET "2" SI C'EST NON. | C26: Organisation Non Gouvernementale | G26: |___|
C27: Autorité religieuse | G27: |___|
C28: Membres de la communauté | G28: |___|
C29: COSA /CODI/COGES | G29: |___|
C30: AUTRE, spécifiez | G30: |___|
A31: ="POUR CHAQUE TYPE DE POSTE CI-DESSOUS, POSEZ DES QUESTIONS (3,04) à (3,06). SI ZERO, NOTER 0 ." -> POUR CHAQUE TYPE DE POSTE CI-DESSOUS, POSEZ DES QUESTIONS (3,04) à (3,06). SI ZERO, NOTER 0 .
A32: NATURE DU POSTE | C32: =A22-0.01 -> -3.04 | D32: =C32-0.01 -> -3.05 | F32: =D32-0.01 -> -3.06
C33: Combien de postes y'a t'il pour [NATURE FONCTION/ TITRE] ? | D33: Combien de postes autorisés pour [NATURE FONCTION/TITRE] sont actuellement occupés? | F33: Au cours des 12 derniers mois, combien de [NATURE FONCTION/TITRE] ont-ils définitivement quitté la formation sanitaire?
A34: Médecin Directeur, | C34: |___||___| | D34: |___||___| | F34: |___||___|
A35: Infirmier Titulaire | C35: |___||___| | D35: |___||___| | F35: |___||___|
A36: Administrateur gestionnaire G3 | C36: |___||___| | D36: |___||___| | F36: |___||___|
A37: Sage-femmes | C37: |___||___| | D37: |___||___| | F37: |___||___|
A38: Accoucheur(se)s | C38: |___||___| | D38: |___||___| | F38: |___||___|
A39: Administrateur gestionnaire L2 | C39: |___||___| | D39: |___||___| | F39: |___||___|
A40: Personnel administratif | C40: |___||___| | D40: |___||___| | F40: |___||___|
A41: Personnl soutien | C41: |___||___| | D41: |___||___| | F41: |___||___|
A42: Techniciens de santé | C42: |___||___| | D42: |___||___| | F42: |___||___|
A43: Infirmiers Spécialistes | C43: |___||___| | D43: |___||___| | F43: |___||___|
A44: Infirmiers accoucheuses | C44: |___||___| | D44: |___||___| | F44: |___||___|
A45: Anesthésiste réanimateur | C45: |___||___| | D45: |___||___| | F45: |___||___|
... A66: Autre à préciser | C66: |___||___| | D66: |___||___| | F66: |___||___|
A67: (B) | B67: Relais communautaire | G67: INSCRIRE LES RÉPONSES
A68: =F32-0.01 -> -3.07 | B68: Combien de villages sont couverts par cette formation sanitaire? | G68: |___||___|
A69: =A68-0.01 -> -3.08 | B69: L'aire de santé dispose-t-elle des Relais communautaires (RECO)? | C69: OUI | D69: 1 | G69: |___|
C70: NON | D70: 2 | E70: ► | F70: =A80 -> -3.11
A71: =A69-0.01 -> -3.09 | B71: Combien de Relais communautaires (RECO) sont actuellement actifs dans cette aire de santé? (Ecrire le nombre d'hommes et le nombre de femmes) | C71: FEMME | G71: |___||___|
C72: HOMME | G72: |___||___|
A73: =A71-0.01 -> -3.1 | B73: Au cours des 3 derniers mois, un agent de santé de la formation sanitaire a-t-il effectué l'une des activités suivantes? | C73: Participer aux 3 réunions de COSA | G73: |___|
C74: Mener les activités de supervision des Relais communautaires (inspection lors des consultations) | G74: |___|
B75: LIRE TOUTES LES OPTIONS À HAUTE VOIX. | C75: Renouveler les trousses de travail des Relais communautaires | G75: |___|
C76: Assurer la formation des Relais communautaires et Appuyer la formation des Relais communautaires | G76: |___|
B77: NON……...2 OUI……….1 | C77: Recueillir et compiler les rapports mensuels d'activités des Relais Communautaires | G77: |___|
C78: Appuyer des relais communautaire à la Promotion des programmes de santé spécifiques | G78: |___|
C79: Autre à preciser | G79: |___|
A80: =A73-0.01 -> -3.11 | B80: Existe-t-il les postes de santé dans votre aire de santé? | C80: OUI | D80: 1 | G80: |___|
C81: NON | D81: 2 | E81: ► | F81: ='4Liste du personnel'!B5 -> -4
A82: =A80-0.01 -> -3.12 | B82: Combien de postes de santé sont- ils dans l'aire de santé? ECRIRE LE NOMBRE | G82: |___||___|

Sheet 4Liste du personnel
A1: =-4 -> -4 | C1: 4 Liste du personnel | O1: =-4 -> -4 | P1: 4 Liste du personnel
C3: OBJET: TOUS LES MEMBRES DU PERSONNEL, temporaires ou permanents, clinique ou non, en commençant par la liste de la fiche de contrôle
C4: PERSONNE INTERROGÉE: Responsable de la formation sanitaire ou le membre du personnel le mieux informé
A5: -4 | B5: -4 | C5: =A1-0.01 -> -4.01 | D5: =C5-0.01 -> -4.02 | F5: =D5-0.01 -> -4.03 | G5: =F5-0.01 -> -4.04 | I5: =G5-0.01 -> -4.05 | O5: -4 | P5: -4.07 | Q5: =P5-0.01 -> -4.08 | R5: =Q5-0.01 -> -4.09 | T5: =R5-0.01 -> -4.1 | U5: =T5-0.01 -> -4.11 | V5: =U5-0.01 -> -4.12 | W5: =V5-0.01 -> -4.13 | Y5: =W5-0.01 -> -4.14 | AC5: =Y5-0.01 -> -4.15 | AE5: =AC5-0.01 -> -4.16
A6: CODE ID | C6: ECRIRE LE NOM ET LE PRÉNOM DE TOUS LES MEMBRES DU PERSONNEL EN SERVICE DANS LA FORMATION SANITAIRE. Pour chaque employé, posez toutes les questions de cette section, puis passez au personnel suivant. Commencez avec la liste de la fiche de contrôle. | D6: [nom] est un homme ou une femme? | F6: Quel âge a [NOM]? | G6: Quelle est la plus haute qualification académique que [NOM] a obtenu? | I6: Quel poste occupe [NOM] au sein de cette formation sanitaire? | O6: CODE ID | P6: En quelle année [NOM] a-t-il/elle reçu son diplôme professionnel (le cas échéant) correspondant au poste occupé ? | Q6: [NOM] a été affecté(e) dans cette formation sanitaire en quelle année? | R6: Quelle est l'échelle salariale de [NOM] selon le contrat ou l'entente avec l'employeur? (sauf primes) | T6: Combien de jours par semaine est-ce que [NOM] travaille en général dans cette formation sanitaire? | U6: Combien d'heures par semaine est ce que [NOM] travaille en général dans cette formation sanitaire? | V6: Combien d'heures par semaine [NOM] passe-t-il/elle généralement à fournir des soins directement aux patients? | W6: [nom] travaille-t-il/elle aussi dans un cabinet de santé privé ou à domicile ? | Y6: [nom] est-t-il/elle présente aujourd'hui? | AC6: Pouvez vous me dire pourquoi [NOM] n'est pas ici aujourd'hui? | AE6: Quels sont les services fournis par [nom] aujourd'hui?
I7: Cliniques | K7: Non cliniques | AE7: ENQUÊTEUR : NOTEZ 3 PRINCIPAUX SOINS ADMINISTRES PAR L'AGENT DE SANTE CE JOUR, NOTEZ 99 SI PAS DE REPONSE
I8: Médecin Directeur, Infirmier Titulaire | J8: 1 | K8: Administrateur gestionnaire G3 | L8: 31 | M8: ► | N8: =$Q$5 -> -4.08
G9: Aucune | H9: 1 | I9: Accoucheur(se)s / Sage-femmes | J9: 2 | K9: Administrateur gestionnaire L2 | L9: 32 | M9: ► | N9: =$Q$5 -> -4.08
I10: Aide-Soignant | J10: 3 | K10: Agent d'entretien (technicien de surface) | L10: 33 | M10: ► | N10: =$Q$5 -> -4.08 | AE10: Soins prénataux | AI10: 1
G11: Certificat d'études primaires | H11: 2 | I11: Anesthésiste réanimateur | J11: 4 | K11: Ambulancier | L11: 34 | M11: ► | N11: =$Q$5 -> -4.08 | AC11: Congés annuels | AD11: 1 | AE11: l'Accouchement assisté par un personnel qualifié | AI11: 2
I12: Chirurgien | J12: 5 | K12: caissier ( e ) | L12: 35 | M12: ► | N12: =$Q$5 -> -4.08 | Q12: ENQUÊTEUR : UTILISER CE FORMAT POUR L'ANNÉE "AAAA" (EX 1958). | AC12: Congés de maladie | AD12: 2 | AE12: Soins post partum/ consultation post-natale | AI12: 3
G13: Diplôme d'État | H13: 3 | I13: Chirurgien dentiste | J13: 6 | K13: Chauffeur | L13: 36 | M13: ► | N13: =$Q$5 -> -4.08 | AC13: En formation | AD13: 3 | AE13: Vaccination | AI13: 4
G14: Graduat | H14: 4 | I14: Directeur de nursing | J14: 7 | K14: Comptable | L14: 37 | M14: ► | N14: =$Q$5 -> -4.08 | AC14: En congé de maternité | AD14: 4 | AE14: Consultations curatives | AI14: 5
G15: Licence | H15: 5 | I15: Garçon/Fille de Salle (G/F Salle) | J15: 8 | K15: Gardien/ sentinelle | L15: 38 | M15: ► | N15: =$Q$5 -> -4.08 | AC15: Autres absences autorisées | AD15: 5 | AE15: Planification familiale | AI15: 6
G16: Doctorat en médecine | H16: 6 | I16: Gynécologue | J16: 9 | K16: huissier (planton) | L16: 39 | M16: ► | N16: =$Q$5 -> -4.08 | AE16: Nutrition | AI16: 7
G17: Diplôme de spécialisation DES | H17: 7 | I17: Infirmier A1 | J17: 10 | K17: Logisticien | L17: 40 | M17: ► | N17: =$Q$5 -> -4.08 | AC17: Décédé | AD17: 6 | AE17: Prise en charge integré des maladies de l'enfant (PCIME) | AI17: 8
G18: DEA | H18: 8 | I18: Infirmier A2 | J18: 11 | K18: Morguier | L18: 41 | M18: ► | N18: =$Q$5 -> -4.08 | V18: ENQUÊTEUR : Si personnel non clinique: INSCRIRE 00 | AC18: Ne sais pas | AD18: 8 | AE18: Paludisme | AI18: 9
G19: AUTRE, PRÉCISER: _____ | H19: 97 | I19: Infirmier L2 | J19: 12 | K19: Ouvrier (plombier, électricien, jardinier, mécanicien, etc) | L19: 42 | M19: ► | N19: =$Q$5 -> -4.08 | AE19: Tuberculose | AI19: 10
I20: Infirmier spécialiste anesthésiste | J20: 13 | K20: Personnel administratif | L20: 43 | M20: ► | N20: =$Q$5 -> -4.08 | AE20: VIH / Sida | AI20: 11
I21: Infirmier spécialiste en ORL | J21: 14 | K21: Personnel de maintenance | L21: 44 | M21: ► | N21: =$Q$5 -> -4.08 | AE21: Promotion et suivi de la santé | AI21: 12
I22: Infirmier spécialiste Ophtalmogiste | J22: 15 | K22: Secrétaire | L22: 45 | M22: ► | N22: =$Q$5 -> -4.08 | AE22: Consultations préscolaires | AI22: 13
I23: Infirmier spécialiste stomatologiste | J23: 16 | K23: Statisticien | L23: 46 | M23: ► | N23: =$Q$5 -> -4.08 | AE23: Pharmacie/Dispensation des soins | AI23: 14
I24: Infirmière / accoucheuse A0 / L2 | J24: 17 | K24: Technicien d'assainissement A1 / L2 | L24: 47 | M24: ► | N24: =$Q$5 -> -4.08 | AE24: Autre non curatif (administratif, registres) | AI24: 15
I25: Infirmière / accoucheuse A1 | J25: 18 | K25: Technicien d'Hygiène | L25: 48 | M25: ► | N25: =$Q$5 -> -4.08 | R25: 1. | S25: Moins de 50 000
I26: Infirmière / accoucheuse A2 | J26: 19 | K26: Techniciens (Autres) L2 / A1 / A2 | L26: 49 | M26: ► | N26: =$Q$5 -> -4.08 | R26: 2. | S26: 50 000 - 90 000
I27: Infirmière / accoucheuse A3 | J27: 20 | K27: Autre à preciser | L27: 50 | M27: ► | N27: =$Q$5 -> -4.08 | R27: 3. | S27: 90 001 - 130 000
I28: Internistes | J28: 21 | R28: 4. | S28: 130 001 - 160 000
I29: Kinésithérapeute | J29: 22 | R29: 5. 160 001 - 190 000
I30: Médecin (généraliste) | J30: 23 | R30: 6. 190 001 - 220 000
I31: Médecin (Autre spécialité) | J31: 24 | R31: 7. 220 001 - 250 000
I32: Diéteticien / Nutritionnistes A2 / A1 / L2 | J32: 25 | R32: 8. Plus de 250 000
I33: Pédiatre | J33: 26
I34: Pharmacien | J34: 27
I35: Préposé(e) à la pharmacie | J35: 28
I36: Techniciens de Laboratoire A2 / A1 / L2 | J36: 29
D37: HOMME | E37: 1 | I37: Techniciens en radiologie A1 / L2 | J37: 30 | W37: OUI | X37: 1 | Y37: OUI | Z37: 1 | AA37: ► | AB37: =AE5 -> -4.16
C38: NOM COMPLET | D38: FEMME | E38: 2 | F38: ANS | I38: Autre (à preciser)_____ | J38: 97 | P38: ANNÉE | Q38: ANNÉE | R38: Code | T38: MAX 7 | U38: MAX 168 | V38: MAX 168 | W38: NON | X38: 2 | Y38: NON | Z38: 2 | AE38: A. | AF38: B. | AG38: C.
A39: 1 | B39: 01 | D39: |___| | F39: |___||___| | G39: |___||___| | I39: |___||___| | O39: 1 | P39: |___||___||___||___| | Q39: |___||___||___||___| | R39: |___||___| | T39: |___| | U39: |___||___|___| | V39: |___||___|___| | W39: |___| | AB39: |___| | AC39: |___| | AE39: |___||___| | AF39: |___||___| | AG39: |___||___|
A40: 2 | B40: 02 | D40: |___| | F40: |___||___| | G40: |___||___| | I40: |___||___| | O40: 2 | P40: |___||___||___||___| | Q40: |___||___||___||___| | R40: |___||___| | T40: |___| | U40: |___||___|___| | V40: |___||___|___| | W40: |___| | AB40: |___| | AC40: |___| | AE40: |___||___| | AF40: |___||___| | AG40: |___||___|
A41: 3 | B41: 03 | D41: |___| | F41: |___||___| | G41: |___||___| | I41: |___||___| | O41: 3 | P41: |___||___||___||___| | Q41: |___||___||___||___| | R41: |___||___| | T41: |___| | U41: |___||___|___| | V41: |___||___|___| | W41: |___| | AB41: |___| | AC41: |___| | AE41: |___||___| | AF41: |___||___| | AG41: |___||___|
A42: 4 | B42: 04 | D42: |___| | F42: |___||___| | G42: |___||___| | I42: |___||___| | O42: 4 | P42: |___||___||___||___| | Q42: |___||___||___||___| | R42: |___||___| | T42: |___| | U42: |___||___|___| | V42: |___||___|___| | W42: |___| | AB42: |___| | AC42: |___| | AE42: |___||___| | AF42: |___||___| | AG42: |___||___|
A43: 5 | B43: 05 | D43: |___| | F43: |___||___| | G43: |___||___| | I43: |___||___| | O43: 5 | P43: |___||___||___||___| | Q43: |___||___||___||___| | R43: |___||___| | T43: |___| | U43: |___||___|___| | V43: |___||___|___| | W43: |___| | AB43: |___| | AC43: |___| | AE43: |___||___| | AF43: |___||___| | AG43: |___||___|
A44: 6 | B44: 06 | D44: |___| | F44: |___||___| | G44: |___||___| | I44: |___||___| | O44: 6 | P44: |___||___||___||___| | Q44: |___||___||___||___| | R44: |___||___| | T44: |___| | U44: |___||___|___| | V44: |___||___|___| | W44: |___| | AB44: |___| | AC44: |___| | AE44: |___||___| | AF44: |___||___| | AG44: |___||___|
A45: 7 | B45: 07 | D45: |___| | F45: |___||___| | G45: |___||___| | I45: |___||___| | O45: 7 | P45: |___||___||___||___| | Q45: |___||___||___||___| | R45: |___||___| | T45: |___| | U45: |___||___|___| | V45: |___||___|___| | W45: |___| | AB45: |___| | AC45: |___| | AE45: |___||___| | AF45: |___||___| | AG45: |___||___|
A46: 8 | B46: 08 | D46: |___| | F46: |___||___| | G46: |___||___| | I46: |___||___| | O46: 8 | P46: |___||___||___||___| | Q46: |___||___||___||___| | R46: |___||___| | T46: |___| | U46: |___||___|___| | V46: |___||___|___| | W46: |___| | AB46: |___| | AC46: |___| | AE46: |___||___| | AF46: |___||___| | AG46: |___||___|
A47: 9 | B47: 09 | D47: |___| | F47: |___||___| | G47: |___||___| | I47: |___||___| | O47: 9 | P47: |___||___||___||___| | Q47: |___||___||___||___| | R47: |___||___| | T47: |___| | U47: |___||___|___| | V47: |___||___|___| | W47: |___| | AB47: |___| | AC47: |___| | AE47: |___||___| | AF47: |___||___| | AG47: |___||___|
A48: 10 | B48: 10 | D48: |___| | F48: |___||___| | G48: |___||___| | I48: |___||___| | O48: 10 | P48: |___||___||___||___| | Q48: |___||___||___||___| | R48: |___||___| | T48: |___| | U48: |___||___|___| | V48: |___||___|___| | W48: |___| | AB48: |___| | AC48: |___| | AE48: |___||___| | AF48: |___||___| | AG48: |___||___|
A49: 11 | B49: 11 | D49: |___| | F49: |___||___| | G49: |___||___| | I49: |___||___| | O49: 11 | P49: |___||___||___||___| | Q49: |___||___||___||___| | R49: |___||___| | T49: |___| | U49: |___||___|___| | V49: |___||___|___| | W49: |___| | AB49: |___| | AC49: |___| | AE49: |___||___| | AF49: |___||___| | AG49: |___||___|
A50: 12 | B50: 12 | D50: |___| | F50: |___||___| | G50: |___||___| | I50: |___||___| | O50: 12 | P50: |___||___||___||___| | Q50: |___||___||___||___| | R50: |___||___| | T50: |___| | U50: |___||___|___| | V50: |___||___|___| | W50: |___| | AB50: |___| | AC50: |___| | AE50: |___||___| | AF50: |___||___| | AG50: |___||___|
... A52: 14 | B52: 14 | D52: |___| | F52: |___||___| | G52: |___||___| | I52: |___||___| | O52: 14 | P52: |___||___||___||___| | Q52: |___||___||___||___| | R52: |___||___| | T52: |___| | U52: |___||___|___| | V52: |___||___|___| | W52: |___| | AB52: |___| | AC52: |___| | AE52: |___||___| | AF52: |___||___| | AG52: |___||___|

Sheet 5Laboratoire
A1: =-5 -> -5 | B1: Laboratoire
A2: PERSONNE INTERROGÉE: TECHNICIEN DE LABORATOIRE OU MEMBRE DU PERSONNEL LE MIEUX INFORMÉ
A3: CODE D'IDENTIFICATION DE LA PERSONNE INTERROGÉE À PARTIR DE LA LISTE DU PERSONNEL
A4: =A1-0.01 -> -5.01 | B4: La formation sanitaire fournit-elle des services de laboratoire? | C4: OUI | D4: 1 | G4: |___|
C5: NON | D5: 2 | E5: ► | F5: ='6Services'!A4 -> -6.01
A6: (A) | B6: Tests de laboratoire
C7: =A4-0.01 -> -5.02 | E7: =C7-0.01 -> -5.03 | G7: =E7-0.01 -> -5.04
C8: Pour les examens suivants, veuillez nous dire si vous êtes en mesure de les effectuer aujourd'hui, si vous étiez capable de les faire il y a 3 mois mais pas aujourd'hui, ou tout simplement si vous ne pouvez pas le faire (que ce soit aujourd'hui ou il y a 3 mois). | E8: Combien d'examens de […] ont été réalisé au cours des 3 derniers mois? | G8: ENQUÊTEUR : INSCRIRE LA SOURCE DE RENSEIGNEMENTS. INSCRIRE UNE RÉPONSE PAR EXAMEN.
C9: ENQUÊTEUR : INSCRIRE UNE RÉPONSE PAR EXAMEN. | E9: ENQUÊTEUR : SI AUCUN, INSCRIRE "0". INSCRIRE UNE RÉPONSE PAR EXAMEN.
C10: Capable de faire ce test d'aujourd'hui | D10: 1 | G10: REGISTRES | H10: 1
C11: Capable de le faire les 3 derniers mois mais pas aujourd'hui | D11: 2 | G11: PAS DE REGISTRES DISPONIBLES, RAPPORT VERBAL | H11: 2
C12: Incapable de faire cet examen que ce soit aujourd'hui ou durant les 3 derniers mois | D12: 3
A13: b. | B13: Culture d'urines | C13: |___| | F13: |___||___| | G13: |___|
A14: c | B14: Dépistage de la syphilis (test VDRL/TPHA) | C14: |___| | F14: |___||___| | G14: |___|
A15: f. | B15: Numération de la formule sanguine | C15: |___| | F15: |___||___| | G15: |___|
A16: g. | B16: Ziehl sur crachat | C16: |___| | F16: |___||___| | G16: |___|
A17: i | B17: goutte épaisse | C17: |___| | F17: |___||___| | G17: |___|
A18: j | B18: Test de dépistage rapide du paludisme | C18: |___| | F18: |___||___| | G18: |___|
A19: l. | B19: Test d'EMMEL | C19: |___| | F19: |___||___| | G19: |___|
A20: M | B20: Groupe sanguin/Rhesus | C20: |___| | F20: |___||___| | G20: |___|
A21: s | B21: Test de coagulation(TC/TS) | C21: |___| | F21: |___||___| | G21: |___|
A22: t | B22: Test de dépistage de l'hépatite B/C | C22: |___| | F22: |___||___| | G22: |___|
A23: u | B23: Test de dépistage du VIH | C23: |___| | F23: |___||___| | G23: |___|
A24: v | B24: Test de glycémie | C24: |___| | F24: |___||___| | G24: |___|
... A29: AD | B29: Autre | C29: |___| | F29: |___||___| | G29: |___|
A30: =G7-0.01 -> -5.05 | B30: À quelle heure de la journée commencez-vous à prélever les échantillons pour examen ? | C30: Jours ouvrés | F30: |___|___|___|___|
C31: Dimanche | F31: |___|___|___|___|
B32: SI LE PRÉLEVEMENT NE SE FAIT PAS EN CE JOUR, NOTEZ 9999 | C32: Jours fériés | F32: |___|___|___|___|
A33: =A30-0.01 -> -5.06 | B33: À quelle heure de la journée arrêtez-vous de prélever les échantillons pour examen ? | C33: Jours ouvrés | F33: |___|___|___|___|
C34: Dimanche | F34: |___|___|___|___|
B35: SI LE PRELEVEMENT NE SE FAIT PAS EN CE JOUR, NOTEZ 9999 | C35: Jours fériés | F35: |___|___|___|___|
A36: =A33-0.01 -> -5.07 | B36: À quelle heure de la journée commencez-vous les rendus des examens de laboratoire ? | C36: Jours ouvrés | F36: |___|___|___|___|
C37: Dimanche | F37: |___|___|___|___|
B38: SI LE RENDU DES RESULTATS NE SE FAIT PAS EN CE JOUR, NOTEZ 9999 | C38: Jours fériés | F38: |___|___|___|___|
A39: =A36-0.01 -> -5.08 | B39: À quelle heure de la journée arretez-vous les rendus des examens de laboratoire | C39: Jours ouvrés | F39: |___|___|___|___|
C40: Dimanche | F40: |___|___|___|___|
B41: SI LE RENDU DES RESULTATS NE SE FAIT PAS EN CE JOUR, NOTEZ 9999 | C41: Jours fériés | F41: |___|___|___|___|
A42: (B) | B42: Équipement de laboratoire | G42: INSCRIRE LES RÉPONSES
A43: =A39-0.01 -> -5.09 | B43: Où est situé l'équipement de laboratoire? | C43: Dans un local reservé uniquement pour le laboratoire | F43: 1 | G43: |___|
C44: Dans une salle également utilisée pour d'autres activités | F44: 2
A46: =A43-0.01 -> -5.1 | B46: ENQUÊTEUR : Inscrire le nombre de chaque équipement FONCTIONNEL. INSCRIRE UNE RÉPONSE PAR EQUIPEMENT. INSCRIRE "-98" SI L'ÉQUIPEMENT NE FONCTIONNE PAS OU N'EST PAS DISPONIBLE. | C46: a. Microscope | G46: |___||___||___|
C47: b. Centrifugeuse ( électrique ou manuelle) | G47: |___||___||___|
C48: c. Hémoglobinomètre | G48: |___||___||___|
C49: d. Réfrigérateur pour le stockage des réactifs | G49: |___||___||___|
C50: e. Incubateur de sang | G50: |___||___||___|
C51: f. Compteur de CD4 (tout appareil pour comptage CD4) | G51: |___||___||___|
C52: g. Incubateur pour selles/urines | G52: |___||___||___|
C53: h. Automate (Hématologie, bio chimie) | G53: |___||___||___|
C54: i. Autre, spécifiez | G54: |___||___||___|
A55: =A46-0.01 -> -5.11 | B55: Existe-t-il un registre de laboratoire pour les cas de tuberculose? ENQUETEUR: SI OUI, DEMANDEZ A LE VOIR | C55: OUI, VU | F55: 1 | G55: |___|
C56: OUI, PAS VU | F56: 2
C57: NON | F57: 3
A58: (5.11a) | B58: Existe-t-il un registre de laboratoire à part pour les test VIH/SIDA? ENQUETEUR: SI OUI, DEMANDEZ A LE VOIR | C58: OUI, VU | F58: 1 | G58: |___|
C59: OUI, PAS VU | F59: 2
C60: NON | F60: 3
A61: =A55-0.01 -> -5.12 | B61: Combien de techniciens de laboratoire sont formés en microscopie de bacilles acido alcoolo-résistants (recherche de BAAR)? | G61: |___||___|
B62: ENQUÊTEUR : VÉRIFIEZ QUE LE NOMBRE NE DEPASSE LE NOMBRE TOTAL DE TECHNICIENS DE LABORATOIRE

Sheet 6Services
A1: =-6 -> -6 | B1: Services
A2: PERSONNE INTERROGÉE: RESPONSABLE DE LA FORMATION SANITAIRE OU LE MEMBRE DU PERSONNEL LE MIEUX INFORMÉ
A3: (A) | B3: Services de vaccination | G3: INSCRIRE LES RÉPONSES
A4: =A1-0.01 -> -6.01 | B4: Cette formation sanitaire offre-t-elle des services de vaccination? | C4: OUI | D4: 1
C5: NON | D5: 2 | E5: ► | F5: =A46 -> -6.19
A6: =A4-0.01 -> -6.02 | B6: Pendant combien d'heures la formation sanitaire offre-t-elle des services de vaccination les jours suivants (stratégie fixe) ? | C6: a. Lundi | G6: |___|___|
C7: b. Mardi | G7: |___|___|
C8: c. Mercredi | G8: |___|___|
C9: d. Jeudi | G9: |___|___|
B10: ENQUÊTEUR : POUR CHACUN DES JOURS, INSCRIRE LE NOMBRE D'HEURES PENDANT LESQUELLES CE SERVICE EST OFFERT. SI CE SERVICE N'EST PAS OFFERT, INSCRIRE "00". | C10: e. Vendredi | G10: |___|___|
C11: f. Samedi | G11: |___|___|
G12: |___|___|
A13: =A6-0.01 -> -6.03 | B13: Existe-t-il un espace ou une salle prévu pour les vaccinations? | C13: OUI | D13: 1 | G13: |___|
C14: NON | D14: 2
A15: =A13-0.01 -> -6.04 | B15: Les vaccinations sont- elles faites aux enfants et aux femmes enceintes au sein de la formation sanitaire ou pendant les activités de sensibilisation? | C15: Exclusivement au sein de la formation sanitaire | D15: 1 | G15: |___|
C16: Seulement lors des activités de sensibilisation hors de la formation sanitaire | D16: 2
C17: Au sein de la formation sanitaire et lors des activités de sensibilisation | D17: 3
A18: =A15-0.01 -> -6.05 | B18: Existe-t-il un calendrier de statégie avancée de vaccination? | C18: OUI | D18: 1 | G18: |___|
C19: NON | D19: 2
A20: -6.07 | B20: Combien de séances de stratégies avancées de vaccination ont été menées au cours des 30 derniers jours? | G20: |___||___|
A21: =A20-0.01 -> -6.08 | B21: Quelle était la cible pour la sensibilisation? | C21: A. Mères des enfants de 0 à 5ans | G21: |___||___|
C22: B. les femmes des tontines | G22: |___||___|
C23: C. les femmes venues consulter à l'hôpital | G23: |___||___|
C24: D. Autres à préciser | G24: |___||___|
A25: =A21-0.01 -> -6.09 | B25: Au cours des 30 derniers jours, combien de séances de sensibilisation sur la vaccination ont été menée dans la communauté? | G25: |___||___|
A26: =A25-0.01 -> -6.1 | B26: Parmi ces matériels de la chaine du froid , lesquels sont disponibles et fonctionnels dans votre formation sanitaire? (déterminez le nombre) ENQUÊTEUR : SI C'EST ZERO, INSCRIRE '00'. | C26: a. Glacière | G26: |___||___||___|
C27: b. Frigo (pour vaccins) | G27: |___||___||___|
C28: c. Porte-vaccins | G28: |___||___||___|
C29: d. Congélateur | G29: |___||___||___|
C30: e. Autre | G30: |___||___||___|
A31: =A26-0.02 -> -6.12 | B31: existe-t-il une fiche de relevés des variations de température biquotidienne? ENQUÊTEUR : SI OUI, DEMANDEZ A VOIR LA FEUILLE DE TEMPÉRATURE | C31: OUI, VU | D31: 1 | G31: |___|
C32: OUI, PAS VU | D32: 2
C33: NON | D33: 3 | E33: ► | F33: =A36 -> -6.16
A34: =A31-0.01 -> -6.13 | B34: Au cours des 7 derniers jours, combien de fois au total est-ce que la température a été consignée? | G34: |___|
B35: OBSERVATION DIRECTE SUR LA FEUILLE
A36: -6.16 | B36: Est-ce que chaque enfant qui commence son calendrier de vaccination reçoit une carte de vaccination? | C36: OUI | D36: 1 | G36: |___|
C37: NON | D37: 2 | E37: ► | F37: =A46 -> -6.19
A38: (6.16a) | B38: Est -ce que les parents ou gardiens paient pour les cartes de vaccination ? | C38: OUI | D38: 1 | G38: |___|
C39: NON | D39: 2 | E39: ► | F39: =A41 -> -6.17
A40: (6.16b) | B40: Combien paient-t-ils pour une carte de vaccination? (en francs congolais) | G40: |___||___||___||___||___|
A41: =A36-0.01 -> -6.17 | B41: Où sont gardées les cartes de vaccination après le début du calendrier de vaccination? | C41: Remis au parent ou à son substitut | D41: 1 | E41: ► | F41: =A46 -> -6.19 | G41: |___|
C42: Gardé à la formation sanitaire | D42: 2
A43: =A41-0.01 -> -6.18 | B43: Pouvez-vous me montrer des cartes qui appartiennent à des patients précis? | C43: VU | D43: 1 | G43: |___|
C44: PAS VU | D44: 2
A45: (B) | B45: Services de soins prénatals (Consultations prénatales-CPN) | G45: INSCRIRE LES RÉPONSES
A46: =A43-0.01 -> -6.19 | B46: Cette formation sanitaire fournit-elle des services de consultations prénatales? | C46: OUI | D46: 1 | G46: |___|
C47: NON | D47: 2 | E47: ► | F47: =A83 -> -6.3
A48: =A46-0.01 -> -6.2 | B48: Combien d'heures de consultations prénatales par jours la formation sanitaire organise-t-elle? | C48: a. Lundi | G48: |___|___|
C49: b. Mardi | G49: |___|___|
C50: c. Mercredi | G50: |___|___|
B51: ENQUÊTEUR : POUR CHACUN DES JOURS, INSCRIRE LE NOMBRE D'HEURES PENDANT LESQUELLES CE SERVICE EST OFFERT. SI CE SERVICE N'EST PAS OFFERT, INSCRIRE "00". | C51: d. Jeudi | G51: |___|___|
C52: e. Vendredi | G52: |___|___|
C53: f. Samedi | G53: |___|___|
C54: g. Dimanche | G54: |___|___|
A55: =A48-0.01 -> -6.21 | B55: Au cours des 30 derniers jours, pendant combien de jours la formation sanitaire a t-elle offert les soins prénatales? | C55: Maximum de 30 jours | G55: |___||___|
A56: -6.23 | B56: Pendant les 6 derniers mois, combien de séances de sensibilisation communautaire ont été menées sur les consultations prénatales? | G56: |___||___|
A57: =A56-0.01 -> -6.24 | B57: Prescrivez-vous du fer, de l'acide folique de façon systématique pendant les CPN ? ENQUÊTEUR :VÉRIFIEZ LES REGISTRES. S'IL N'Y A PAS DE REGISTRES, DEMANDEZ AU RESPONSABLE. INSCRIRE LES RÉPONSES EN TENANT COMPTE DU FAIT QUE VOUS AVEZ CONSULTÉ LES REGISTRES OU NON. | C57: REGISTRES CONSULTÉS : Tout le temps | D57: 1 | G57: |___|
C58: REGISTRES CONSULTÉS: PARFOIS | D58: 2
C59: REGISTRES CONSULTÉS: Rarement ou jamais | D59: 3
C60: REGISTRES PAS CONSULTÉS, RAPPORT ORAL: Tout le temps | D60: 4
C61: REGISTRES PAS CONSULTÉS, RAPPORT ORAL: Parfois | D61: 5
C62: REGISTRES PAS CONSULTÉS, RAPPORT ORAL: Rarement ou jamais | D62: 6
A63: =A57-0.01 -> -6.25 | B63: Prescrivez-vous du Sulfadoxine pyrimethamine de façon systématique pendant les CPN ? ENQUÊTEUR :VÉRIFIEZ LES REGISTRES. S'IL N'Y A PAS DE REGISTRES, DEMANDEZ AU RESPONSABLE. INSCRIRE LES RÉPONSES EN TENANT COMPTE DU FAIT QUE VOUS AVEZ CONSULTÉ LES REGISTRES OU NON. | C63: REGISTRES CONSULTÉS : Tout le temps | D63: 1 | G63: |___|
C64: REGISTRES CONSULTÉS: PARFOIS | D64: 2
C65: REGISTRES CONSULTÉS: Rarement ou jamais | D65: 3
C66: REGISTRES PAS CONSULTÉS, RAPPORT ORAL: Tout le temps | D66: 4
C67: REGISTRES PAS CONSULTÉS, RAPPORT ORAL: Parfois | D67: 5
C68: REGISTRES PAS CONSULTÉS, RAPPORT ORAL: Rarement ou jamais | D68: 6
A69: =A63-0.01 -> -6.26 | B69: Prescrivez-vous du Mébendazole de façon systématique pendant les CPN ? ENQUÊTEUR :VÉRIFIEZ LES REGISTRES. S'IL N'Y A PAS DE REGISTRES, DEMANDEZ AU RESPONSABLE. INSCRIRE LES RÉPONSES EN TENANT COMPTE DU FAIT QUE VOUS AVEZ CONSULTÉ LES REGISTRES OU NON. | C69: REGISTRES CONSULTÉS : Tout le temps | D69: 1 | G69: |___|
C70: REGISTRES CONSULTÉS: PARFOIS | D70: 2
C71: REGISTRES CONSULTÉS: Rarement ou jamais | D71: 3
C72: REGISTRES PAS CONSULTÉS, RAPPORT ORAL: Tout le temps | D72: 4
C73: REGISTRES PAS CONSULTÉS, RAPPORT ORAL: Parfois | D73: 5
C74: REGISTRES PAS CONSULTÉS, RAPPORT ORAL: Rarement ou jamais | D74: 6
A75: =A69-0.01 -> -6.27 | B75: Les femmes qui viennent à la formation sanitaire pour les consultations prénatales reçoivent-elles des fiches de Consultations prénatales ? | C75: OUI | D75: 1 | G75: |___|
C76: NON | D76: 2 | E76: ► | F76: =A83 -> -6.3
A77: =A75-0.01 -> -6.28 | B77: Où est gardée la fiche de Consultations prénatales une fois qu'elle a été délivrée à la mère? | C77: Remise à la mère afin qu'elle l'apporte à la prochaine visite | D77: 1 | E77: ► | F77: =A83 -> -6.3 | G77: |___|
C78: Gardée au sein de la formation sanitaire | D78: 2
C79: Un exemplaire est remis à la mère et l'autre gardé à l'hôpital | D79: 3
A80: =A77-0.01 -> -6.29 | B80: Pouvez-vous me montrer des fiches qui appartiennent à des patientes précises ? | C80: VU | D80: 1 | G80: |___|
C81: PAS VU | D81: 2
A82: (C) | B82: Services liés à l'accouchement et au post-partum (après accouchement) | G82: INSCRIRE LES RÉPONSES
A83: =A80-0.01 -> -6.3 | B83: Les tâches liées à l'accouchement sont-elles executées par la formation sanitaire? | C83: OUI | D83: 1 | G83: |___|
C84: NON | D84: 2 | E84: ► | F84: =A115 -> -6.34
A85: =A83-0.01 -> -6.31 | B85: Le personnel de la formation sanitaire offre-t-il les services liés à l'accouchement au sein de la formation sanitaire ou bien dans la communauté? | C85: a. Administrer des antiobiotiques par voie orale | G85: |___|
C86: b. Administrer des médicaments utérotoniques par voir parentérale | G86: |___|
B87: NOTEZ POUR CHAQUE TÂCHE OU ILS SONT OFFERTS EN FONCTION DES CODES CI-DESSOUS | C87: c. Administrer des anticonvulsants par voie parentérale | G87: |___|
C88: d. Adminstrer oxytocine immediatement apres l'accoucement | G88: |___|
C89: e. accouchement artificielle: forceps, sous vacuum, episiotomie, .. | G89: |___|
C90: f. Délivrance artificielle du placenta | G90: |___|
B91: Exclusivement au sein de la formation sanitaire…..1 | C91: g. Faire l'extraction des produits résiduels (revision uterine) | G91: |___|
C92: h. Pratiquer un accouchement par voie basse assisté | G92: |___|
B93: Non applicable………………………………………. 99 | C93: i. Pratiquer une réanimation néonatale | G93: |___|
C94: j. Pratiquer des transfusions sanguines | G94: |___|
C95: k. Administrer les anti-hypertenseurs par voie orale/parentérale | G95: |___|
A96: =A85-0.01 -> -6.32 | B96: La formation sanitaire dispose-t-elle des capacités pour gérer les césariennes d'urgence SONU? | C96: Peut être géré aujourd'hui | D96: 1 | E96: ► | F96: =A102 -> (6.33a) | G96: |___|
C97: Habituellement, mais pas maintenant | D97: 2
C98: Doit être transféré | D98: 3
A99: =A96-0.01 -> -6.33 | B99: Pourquoi la formation sanitaire ne dispose pas de capacité pour gérer les césariennes d'urgence SONU?? | C99: Absence de personnel qualifié | D99: 1 | G99: |___|
C100: Problème d'intrant | D100: 2
...

Sheet 7SNIS
A1: =-7 -> -7 | B1: Gestion de l'Information Sanitaire | G1: INSCRIRE LES RÉPONSES
A2: PERSONNE INTERROGÉE: Responsable de la formation sanitaire ou le membre du personnel le mieux informé
A3: =A1-0.01 -> -7.01 | B3: Connaissez-vous la taille de la population desservie par votre formation sanitaire? | C3: OUI | D3: 1 | G3: |___|
C4: NON | D4: 2 | E4: ► | F4: =A10 -> -7.2
A5: =A3-0.01 -> -7.02 | B5: Combien de personnes ? [CATÉGORIE DE POPULATION] | C5: a. Population totale | G5: |__|__|__|__||__|__|__|__|
C6: b. Population totale des femmes enceintes attendues | G6: |__|__|__|__||__|__|__|__|
B7: ENQUÊTEUR : S'IL N Y A PAS DE DONNÉES POUR CERTAINES CATÉGORIES, INSCRIRE 9999 POUR CES CATÉGORIES. | C7: c. Population totale des femmes âgées entre 15 et 49 ans | G7: |__|__|__|__||__|__|__|__|
C8: d. Total population 0 à 59 mois | G8: |__|__|__|__||__|__|__|__|
A9: Maintenant, je voudrais voir le registre qui indique le nombre total de patients ayant consulté dans cette formation sanitaire au cours du dernier mois | G9: INSCRIRE LES RÉPONSES
A10: -7.2 | B10: Rapport mensuel d'activités (RMA) ENQUETEUR: "ANALYSEE" VEUT DIRE SI ON DECRIT SEULEMENT LES TABLEAUX AVEC LES CHIFFRES - OU AUSSI DISCUTE CES CHIFFRES DANS LE RAPPORT | C10: VU, dûment rempli | F10: 1 | G10: |___|
C11: VU, PAS REMPLI | F11: 2
C12: VU, ANALYSÉE | F12: 3
C13: EXISTE, PAS VU | F13: 4
C14: N'EXISTE PAS | F14: 5
A15: =A10-0.01 -> -7.21 | B15: Rapport mensuel d'activités du Programme élargi de vaccination (RMA PEV: Formulaire 1) ENQUETEUR: "ANALYSEE" VEUT DIRE SI ON DECRIT SEULEMENT LES TABLEAUX AVEC LES CHIFFRES - OU AUSSI DISCUTE CES CHIFFRES DANS LE RAPPORT | C15: VU, dûment rempli | F15: 1 | G15: |___|
C16: vu, ANALYSÉE | F16: 2
C17: VU, PAS REMPLI | F17: 3
C18: EXISTE, PAS VU | F18: 4
C19: N'EXISTE PAS | F19: 5
A20: =A15-0.01 -> -7.22 | B20: Rapport sur la surveillance épidémiologique des maladies à déclaration obligatoire ENQUETEUR: "ANALYSEE" VEUT DIRE SI ON DECRIT SEULEMENT LES TABLEAUX AVEC LES CHIFFRES - OU AUSSI DISCUTE CES CHIFFRES DANS LE RAPPORT | C20: VU, dûment rempli | F20: 1 | G20: |___|
C21: vu, ANALYSÉE | F21: 2
C22: VU, PAS REMPLI | F22: 3
C23: EXISTE, PAS VU | F23: 4
C24: N'EXISTE PAS | F24: 5
A25: =A20-0.01 -> -7.23 | B25: Rapport mensuel sur les IST/VIH/SIDA ENQUETEUR: "ANALYSEE" VEUT DIRE SI ON DECRIT SEULEMENT LES TABLEAUX AVEC LES CHIFFRES - OU AUSSI DISCUTE CES CHIFFRES DANS LE RAPPORT | C25: VU, dûment rempli | F25: 1 | G25: |___|
C26: vu, ANALYSÉE | F26: 2
C27: VU, PAS REMPLI | F27: 3
C28: EXISTE, PAS VU | F28: 4
C29: N'EXISTE PAS | F29: 5
A30: =A25-0.01 -> -7.24 | B30: Rapport sur la Prévention de la transmission du VIH de la mère à l'enfant (PTME) ENQUETEUR: "ANALYSEE" VEUT DIRE SI ON DECRIT SEULEMENT LES TABLEAUX AVEC LES CHIFFRES - OU AUSSI DISCUTE CES CHIFFRES DANS LE RAPPORT | C30: VU, dûment rempli | F30: 1 | G30: |___|
C31: vu, ANALYSÉE | F31: 2
C32: VU, PAS REMPLI | F32: 3
C33: EXISTE, PAS VU | F33: 4
C34: N'EXISTE PAS | F34: 5
A35: =A30-0.01 -> -7.25 | B35: Registre de planification familiale ENQUETEUR: "ANALYSEE" VEUT DIRE SI ON DECRIT SEULEMENT LES TABLEAUX AVEC LES CHIFFRES - OU AUSSI DISCUTE CES CHIFFRES DANS LE RAPPORT | C35: VU, dûment rempli | F35: 1 | G35: |___|
C36: vu, ANALYSÉE | F36: 2
C37: VU, PAS REMPLI | F37: 3
C38: EXISTE, PAS VU | F38: 4
C39: N'EXISTE PAS | F39: 5
A40: =A35-0.01 -> -7.26 | B40: Registre de consultations prénatales ENQUETEUR: "ANALYSEE" VEUT DIRE SI ON DECRIT SEULEMENT LES TABLEAUX AVEC LES CHIFFRES - OU AUSSI DISCUTE CES CHIFFRES DANS LE RAPPORT | C40: VU, dûment rempli | F40: 1 | G40: |___|
C41: vu, ANALYSÉE | F41: 2
C42: VU, PAS REMPLI | F42: 3
C43: EXISTE, PAS VU | F43: 4
C44: N'EXISTE PAS | F44: 5
A45: =A40-0.01 -> -7.27 | B45: Registre des accouchements ENQUETEUR: "ANALYSEE" VEUT DIRE SI ON DECRIT SEULEMENT LES TABLEAUX AVEC LES CHIFFRES - OU AUSSI DISCUTE CES CHIFFRES DANS LE RAPPORT | C45: VU, dûment rempli | F45: 1 | G45: |___|
C46: vu, ANALYSÉE | F46: 2
C47: VU, PAS REMPLI | F47: 3
C48: EXISTE, PAS VU | F48: 4
C49: N'EXISTE PAS | F49: 5

Sheet 8Util_HMIS
A1: =-8 -> -8 | B1: L'utilisation des services de santé conformément au SNIS
A2: PERSONNE INTERROGÉE: RESPONSABLE DE LA FORMATION SANITAIRE OU MEMBRE DU PERSONNEL LE MIEUX INFORMÉ
A3: Je voudrais vous poser quelques questions sur les services de santé disponibles.
A4: ="POSER LES QUESTIONS DE ("&-C4&") A ("&-I4&") POUR CHACUN DES SERVICES AVANT LE SERVICE SUIVANT." -> POSER LES QUESTIONS DE (8.01) A (8.04) POUR CHACUN DES SERVICES AVANT LE SERVICE SUIVANT. | C4: =A1-0.01 -> -8.01 | E4: =C4-0.01 -> -8.02 | F4: =E4-0.01 -> -8.03 | I4: =F4-0.01 -> -8.04
C5: Cette formation sanitaire fournit - elle [SERVICE] en son sein et/ou pendant les activités de stratégie avancée ? ENQUÊTEUR : INSCRIRE A LA FOIS POUR LA FORMATION SANITAIRE ET POUR LA STRATÉGIE AVANCÉE. | E5: Combien de jours par semaine ce service est-il offert? | F5: Quel est le montant total en Frs Congolais exigé pour ce type de service? ENQUÊTEUR : SI AUCUN FRAIS, INSCRIRE «00». SI SANS OBJET, INSCRIRE "999 999" | I5: ENQUÊTEUR : POUR CHAQUE SERVICE, INSCRIRE LE NOMBRE TOTAL MENSUEL DE MALADES HOSPITALISÉS ET DE CONSULTATIONS EXTERNES LISTES DANS LE REGISTRE, POUR LES 6 DERNIERS MOIS PRÉCÉDANT LE MOIS DE L'ENQUÊTE (EX. SI AUJOURD'HUI C'EST LE 14 MARS, INSCRIRE LES PATIENTS DE LA PÉRIODE ALLANT DU 1er SEPTEMBRE AU 28 Février, AFIN DE COUVRIR 6 MOIS COMPLETS) . SI SANS OBJET, INSCRIRE "999"
E10: ENQUÊTEUR : SI SUR RENDEZ-VOUS SEULEMENT, INSCRIRE 8, SI SANS OBJET, INSCRIRE "9"
C17: OUI | D17: 1
C18: NON | D18: 2
A19: Code de Services | C19: a. Au sein de la Formation Sanitaire | D19: b. Stratégie avancée | E19: JOURS / SEMAINE | F19: Frs Congolais | H19: c. UNITÉ | I19: MOIS 1: le plus éloigné | K19: MOIS 2 | M19: MOIS 3 | O19: MOIS 4 | Q19: MOIS 5 | S19: MOIS 6: le plus récent
B20: Service | F20: a. Au sein de la Formation Sanitaire | G20: b. Stratégie avancée | I20: INTERNE | J20: EXTERNE | K20: INTERNE | L20: EXTERNE | M20: INTERNE | N20: EXTERNE | O20: INTERNE | P20: EXTERNE | Q20: INTERNE | R20: EXTERNE | S20: INTERNE | T20: EXTERNE
A21: Planning familial / clinique | I21: Planning familial / clinique
A22: 1 | B22: Pillule contraceptive | C22: |__| | D22: |__| | E22: |__| | F22: |__|__|__|__|__|__| | G22: |__|__|__|__|__|__| | H22: par visite initiale | I22: |__|__|__| | J22: |__|__|__| | K22: |__|__|__| | L22: |__|__|__| | M22: |__|__|__| | N22: |__|__|__| | O22: |__|__|__| | P22: |__|__|__| | Q22: |__|__|__| | R22: |__|__|__| | S22: |__|__|__| | T22: |__|__|__|
A23: 2 | B23: Injectables/ Depo-Provera | C23: |__| | D23: |__| | E23: |__| | F23: |__|__|__|__|__|__| | G23: |__|__|__|__|__|__| | H23: par visite | I23: |__|__|__| | J23: |__|__|__| | K23: |__|__|__| | L23: |__|__|__| | M23: |__|__|__| | N23: |__|__|__| | O23: |__|__|__| | P23: |__|__|__| | Q23: |__|__|__| | R23: |__|__|__| | S23: |__|__|__| | T23: |__|__|__|
A24: 3 | B24: Insertion d'implant/Norplant | C24: |__| | D24: |__| | E24: |__| | F24: |__|__|__|__|__|__| | G24: |__|__|__|__|__|__| | H24: par insertion (pose) | I24: |__|__|__| | J24: |__|__|__| | K24: |__|__|__| | L24: |__|__|__| | M24: |__|__|__| | N24: |__|__|__| | O24: |__|__|__| | P24: |__|__|__| | Q24: |__|__|__| | R24: |__|__|__| | S24: |__|__|__| | T24: |__|__|__|
A25: 4 | B25: Préservatifs masculins (il s'agit ici pas de l'achat mais de la consultation) | C25: |__| | D25: |__| | E25: |__| | F25: |__|__|__|__|__|__| | G25: |__|__|__|__|__|__| | H25: par visite | I25: |__|__|__| | J25: |__|__|__| | K25: |__|__|__| | L25: |__|__|__| | M25: |__|__|__| | N25: |__|__|__| | O25: |__|__|__| | P25: |__|__|__| | Q25: |__|__|__| | R25: |__|__|__| | S25: |__|__|__| | T25: |__|__|__|
A26: 5 | B26: Préservatifs féminins (il s'agit ici pas de l'achat mais de la consultation) | C26: |__| | D26: |__| | E26: |__| | F26: |__|__|__|__|__|__| | G26: |__|__|__|__|__|__| | H26: par visite | I26: |__|__|__| | J26: |__|__|__| | K26: |__|__|__| | L26: |__|__|__| | M26: |__|__|__| | N26: |__|__|__| | O26: |__|__|__| | P26: |__|__|__| | Q26: |__|__|__| | R26: |__|__|__| | S26: |__|__|__| | T26: |__|__|__|
A27: 6 | B27: Dispositif intra-utérin (DIU) | C27: |__| | D27: |__| | E27: |__| | F27: |__|__|__|__|__|__| | G27: |__|__|__|__|__|__| | H27: par insertion | I27: |__|__|__| | J27: |__|__|__| | K27: |__|__|__| | L27: |__|__|__| | M27: |__|__|__| | N27: |__|__|__| | O27: |__|__|__| | P27: |__|__|__| | Q27: |__|__|__| | R27: |__|__|__| | S27: |__|__|__| | T27: |__|__|__|
A28: 7 | B28: Stérilisation féminine | C28: |__| | D28: |__| | E28: |__| | F28: |__|__|__|__|__|__| | G28: |__|__|__|__|__|__| | H28: par intervention / acte | I28: |__|__|__| | J28: |__|__|__| | K28: |__|__|__| | L28: |__|__|__| | M28: |__|__|__| | N28: |__|__|__| | O28: |__|__|__| | P28: |__|__|__| | Q28: |__|__|__| | R28: |__|__|__| | S28: |__|__|__| | T28: |__|__|__|
A29: 8 | B29: Stérilisation masculine (Vasectomie) | C29: |__| | D29: |__| | E29: |__| | F29: |__|__|__|__|__|__| | G29: |__|__|__|__|__|__| | H29: par intervention / acte | I29: |__|__|__| | J29: |__|__|__| | K29: |__|__|__| | L29: |__|__|__| | M29: |__|__|__| | N29: |__|__|__| | O29: |__|__|__| | P29: |__|__|__| | Q29: |__|__|__| | R29: |__|__|__| | S29: |__|__|__| | T29: |__|__|__|
A30: 9 | B30: Diaphragme / Collier du cycle | C30: |__| | D30: |__| | E30: |__| | F30: |__|__|__|__|__|__| | G30: |__|__|__|__|__|__| | H30: par unité | I30: |__|__|__| | J30: |__|__|__| | K30: |__|__|__| | L30: |__|__|__| | M30: |__|__|__| | N30: |__|__|__| | O30: |__|__|__| | P30: |__|__|__| | Q30: |__|__|__| | R30: |__|__|__| | S30: |__|__|__| | T30: |__|__|__|
A31: 10 | B31: Pillule du lendemain | C31: |__| | D31: |__| | E31: |__| | F31: |__|__|__|__|__|__| | G31: |__|__|__|__|__|__| | H31: par unité | I31: |__|__|__| | J31: |__|__|__| | K31: |__|__|__| | L31: |__|__|__| | M31: |__|__|__| | N31: |__|__|__| | O31: |__|__|__| | P31: |__|__|__| | Q31: |__|__|__| | R31: |__|__|__| | S31: |__|__|__| | T31: |__|__|__|
A32: 11 | B32: Inj. Norestera - Seyana Press | C32: |__| | D32: |__| | E32: |__| | F32: |__|__|__|__|__|__| | G32: |__|__|__|__|__|__| | H32: par injection | I32: |__|__|__| | J32: |__|__|__| | K32: |__|__|__| | L32: |__|__|__| | M32: |__|__|__| | N32: |__|__|__| | O32: |__|__|__| | P32: |__|__|__| | Q32: |__|__|__| | R32: |__|__|__| | S32: |__|__|__| | T32: |__|__|__|
A33: 12 | B33: Spermicides | C33: |__| | D33: |__| | E33: |__| | F33: |__|__|__|__|__|__| | G33: |__|__|__|__|__|__| | H33: par unité | I33: |__|__|__| | J33: |__|__|__| | K33: |__|__|__| | L33: |__|__|__| | M33: |__|__|__| | N33: |__|__|__| | O33: |__|__|__| | P33: |__|__|__| | Q33: |__|__|__| | R33: |__|__|__| | S33: |__|__|__| | T33: |__|__|__|
... A35: 15 | B35: Traitement infertilité | C35: |__| | D35: |__| | E35: |__| | F35: |__|__|__|__|__|__| | G35: |__|__|__|__|__|__| | H35: par visite | I35: |__|__|__| | J35: |__|__|__| | K35: |__|__|__| | L35: |__|__|__| | M35: |__|__|__| | N35: |__|__|__| | O35: |__|__|__| | P35: |__|__|__| | Q35: |__|__|__| | R35: |__|__|__| | S35: |__|__|__| | T35: |__|__|__|
B36: Accouchement au sein de la formation sanitaire | I36: =B36 -> Accouchement au sein de la formation sanitaire
A37: 16 | B37: Accouchement spontané par voie basse (eutocique) | E37: |__| | F37: |__|__|__|__|__|__| | G37: |__|__|__|__|__|__| | H37: par accouchement | I37: |__|__|__| | J37: |__|__|__| | K37: |__|__|__| | L37: |__|__|__| | M37: |__|__|__| | N37: |__|__|__| | O37: |__|__|__| | P37: |__|__|__| | Q37: |__|__|__| | R37: |__|__|__| | S37: |__|__|__| | T37: |__|__|__|
A38: 17 | B38: Accouchement par césarienne | E38: |__| | F38: |__|__|__|__|__|__| | G38: |__|__|__|__|__|__| | H38: par accouchement | I38: |__|__|__| | J38: |__|__|__| | K38: |__|__|__| | L38: |__|__|__| | M38: |__|__|__| | N38: |__|__|__| | O38: |__|__|__| | P38: |__|__|__| | Q38: |__|__|__| | R38: |__|__|__| | S38: |__|__|__| | T38: |__|__|__|
A39: 18 | B39: Accouchement dystocique | E39: |__| | F39: |__|__|__|__|__|__| | G39: |__|__|__|__|__|__| | H39: par accouchement | I39: |__|__|__| | J39: |__|__|__| | K39: |__|__|__| | L39: |__|__|__| | M39: |__|__|__| | N39: |__|__|__| | O39: |__|__|__| | P39: |__|__|__| | Q39: |__|__|__| | R39: |__|__|__| | S39: |__|__|__| | T39: |__|__|__|
A40: 19 | B40: Accouchement à domicile assisté par un personnel qualifié | E40: |__| | F40: |__|__|__|__|__|__| | G40: |__|__|__|__|__|__| | H40: par accouchement | I40: |__|__|__| | J40: |__|__|__| | K40: |__|__|__| | L40: |__|__|__| | M40: |__|__|__| | N40: |__|__|__| | O40: |__|__|__| | P40: |__|__|__| | Q40: |__|__|__| | R40: |__|__|__| | S40: |__|__|__| | T40: |__|__|__|
A41: 20 | B41: Soins post-nataux | E41: |__| | F41: |__|__|__|__|__|__| | G41: |__|__|__|__|__|__| | H41: par visite | I41: |__|__|__| | J41: |__|__|__| | K41: |__|__|__| | L41: |__|__|__| | M41: |__|__|__| | N41: |__|__|__| | O41: |__|__|__| | P41: |__|__|__| | Q41: |__|__|__| | R41: |__|__|__| | S41: |__|__|__| | T41: |__|__|__|
A42: 21 | B42: Mère ayant bénéficie de la GATPA | E42: |__| | F42: |__|__|__|__|__|__| | G42: |__|__|__|__|__|__| | H42: par visite | I42: |__|__|__| | J42: |__|__|__| | K42: |__|__|__| | L42: |__|__|__| | M42: |__|__|__| | N42: |__|__|__| | O42: |__|__|__| | P42: |__|__|__| | Q42: |__|__|__| | R42: |__|__|__| | S42: |__|__|__| | T42: |__|__|__|
B43: Vaccinations de Routine (il s'agit ici de la séance de Vaccination et pas du vaccin en tant que consommable) | I43: =B43 -> Vaccinations de Routine (il s'agit ici de la séance de Vaccination et pas du vaccin en tant que consommable)
A44: 22 | B44: BCG | E44: |__| | F44: |__|__|__|__|__|__| | G44: |__|__|__|__|__|__| | H44: par dose | I44: |__|__|__| | J44: |__|__|__| | K44: |__|__|__| | L44: |__|__|__| | M44: |__|__|__| | N44: |__|__|__| | O44: |__|__|__| | P44: |__|__|__| | Q44: |__|__|__| | R44: |__|__|__| | S44: |__|__|__| | T44: |__|__|__|
A45: 23 | B45: VPO 0 | E45: |__| | F45: |__|__|__|__|__|__| | G45: |__|__|__|__|__|__| | H45: par dose | I45: |__|__|__| | J45: |__|__|__| | K45: |__|__|__| | L45: |__|__|__| | M45: |__|__|__| | N45: |__|__|__| | O45: |__|__|__| | P45: |__|__|__| | Q45: |__|__|__| | R45: |__|__|__| | S45: |__|__|__| | T45: |__|__|__|
A46: 24 | B46: VPO 1 | E46: |__| | F46: |__|__|__|__|__|__| | G46: |__|__|__|__|__|__| | H46: par dose | I46: |__|__|__| | J46: |__|__|__| | K46: |__|__|__| | L46: |__|__|__| | M46: |__|__|__| | N46: |__|__|__| | O46: |__|__|__| | P46: |__|__|__| | Q46: |__|__|__| | R46: |__|__|__| | S46: |__|__|__| | T46: |__|__|__|
A47: 25 | B47: VPO 2 | E47: |__| | F47: |__|__|__|__|__|__| | G47: |__|__|__|__|__|__| | H47: par dose | I47: |__|__|__| | J47: |__|__|__| | K47: |__|__|__| | L47: |__|__|__| | M47: |__|__|__| | N47: |__|__|__| | O47: |__|__|__| | P47: |__|__|__| | Q47: |__|__|__| | R47: |__|__|__| | S47: |__|__|__| | T47: |__|__|__|
A48: 26 | B48: VPO 3 | E48: |__| | F48: |__|__|__|__|__|__| | G48: |__|__|__|__|__|__| | H48: par dose | I48: |__|__|__| | J48: |__|__|__| | K48: |__|__|__| | L48: |__|__|__| | M48: |__|__|__| | N48: |__|__|__| | O48: |__|__|__| | P48: |__|__|__| | Q48: |__|__|__| | R48: |__|__|__| | S48: |__|__|__| | T48: |__|__|__|
A49: 27 | B49: DTC-HepB Hib1 | E49: |__| | F49: |__|__|__|__|__|__| | G49: |__|__|__|__|__|__| | H49: par dose | I49: |__|__|__| | J49: |__|__|__| | K49: |__|__|__| | L49: |__|__|__| | M49: |__|__|__| | N49: |__|__|__| | O49: |__|__|__| | P49: |__|__|__| | Q49: |__|__|__| | R49: |__|__|__| | S49: |__|__|__| | T49: |__|__|__|
A50: 28 | B50: DTC-HepB Hib2 | E50: |__| | F50: |__|__|__|__|__|__| | G50: |__|__|__|__|__|__| | H50: par dose | I50: |__|__|__| | J50: |__|__|__| | K50: |__|__|__| | L50: |__|__|__| | M50: |__|__|__| | N50: |__|__|__| | O50: |__|__|__| | P50: |__|__|__| | Q50: |__|__|__| | R50: |__|__|__| | S50: |__|__|__| | T50: |__|__|__|
A51: 29 | B51: DTC-HepB Hib3 | E51: |__| | F51: |__|__|__|__|__|__| | G51: |__|__|__|__|__|__| | H51: par dose | I51: |__|__|__| | J51: |__|__|__| | K51: |__|__|__| | L51: |__|__|__| | M51: |__|__|__| | N51: |__|__|__| | O51: |__|__|__| | P51: |__|__|__| | Q51: |__|__|__| | R51: |__|__|__| | S51: |__|__|__| | T51: |__|__|__|
A52: 30 | B52: PCV-13 (1) | E52: |__| | F52: |__|__|__|__|__|__| | G52: |__|__|__|__|__|__| | H52: par dose | I52: |__|__|__| | J52: |__|__|__| | K52: |__|__|__| | L52: |__|__|__| | M52: |__|__|__| | N52: |__|__|__| | O52: |__|__|__| | P52: |__|__|__| | Q52: |__|__|__| | R52: |__|__|__| | S52: |__|__|__| | T52: |__|__|__|
A53: 31 | B53: PCV-13 (2) | E53: |__| | F53: |__|__|__|__|__|__| | G53: |__|__|__|__|__|__| | H53: par dose | I53: |__|__|__| | J53: |__|__|__| | K53: |__|__|__| | L53: |__|__|__| | M53: |__|__|__| | N53: |__|__|__| | O53: |__|__|__| | P53: |__|__|__| | Q53: |__|__|__| | R53: |__|__|__| | S53: |__|__|__| | T53: |__|__|__|
A54: 32 | B54: PCV-13 (3) | E54: |__| | F54: |__|__|__|__|__|__| | G54: |__|__|__|__|__|__| | H54: par dose | I54: |__|__|__| | J54: |__|__|__| | K54: |__|__|__| | L54: |__|__|__| | M54: |__|__|__| | N54: |__|__|__| | O54: |__|__|__| | P54: |__|__|__| | Q54: |__|__|__| | R54: |__|__|__| | S54: |__|__|__| | T54: |__|__|__|
A55: 33 | B55: VAA | E55: |__| | F55: |__|__|__|__|__|__| | G55: |__|__|__|__|__|__| | H55: par dose | I55: |__|__|__| | J55: |__|__|__| | K55: |__|__|__| | L55: |__|__|__| | M55: |__|__|__| | N55: |__|__|__| | O55: |__|__|__| | P55: |__|__|__| | Q55: |__|__|__| | R55: |__|__|__| | S55: |__|__|__| | T55: |__|__|__|
... A57: 35 | B57: VITAMINE A | E57: |__+B+E58:T58 | F57: |__|__|__|__|__|__| | G57: |__|__|__|__|__|__| | H57: par dose | I57: |__|__|__| | J57: |__|__|__| | K57: |__|__|__| | L57: |__|__|__| | M57: |__|__|__| | N57: |__|__|__| | O57: |__|__|__| | P57: |__|__|__| | Q57: |__|__|__| | R57: |__|__|__| | S57: |__|__|__| | T57: |__|__|__|
A58: Code de Services | C58: =C4 -> -8.01 | E58: =C58-0.01 -> -8.02 | F58: =E58-0.01 -> -8.03 | I58: =F58-0.01 -> -8.04
C59: a. Au sein de la Formation Sanitaire | D59: b. Stratégie avancée | E59: JOURS / SEMAINE | F59: FCFA | H59: UNITÉ | I59: MOIS 1 : le plus éloigné | K59: MOIS 2 | M59: MOIS 3 | O59: MOIS 4 | Q59: MOIS 5 | S59: MOIS 6 : le plus récent
F60: a. Au sein de la Formation Sanitaire | G60: b. Stratégie avancée | I60: INTERNE | J60: EXTERNE | K60: INTERNE | L60: EXTERNE | M60: INTERNE | N60: EXTERNE | O60: INTERNE | P60: EXTERNE | Q60: INTERNE | R60: EXTERNE | S60: INTERNE | T60: EXTERNE
C61: cette formation sanitaire offre-t- elle des services de [SERVICE] en son sein et/ou pendant les activités de stratégie avancéee ? ENQUÊTEUR : INSCRIRE A LA FOIS POUR LA FORMATION SANITAIRE ET POUR LA STRATEGIE AVANCEE. | E61: Combien de jours par semaine ce service est-il offert? | F61: Quel est le montant total en FC exigé pour ce type de service? ENQUÊTEUR: SI AUCUN FRAIS, INSCRIRE «0». SI SANS OBJET, INSCRIRE "999 999" | I61: ENQUÊTEUR : POUR CHAQUE SERVICE, INSCRIRE LE NOMBRE TOTAL MENSUEL DE MALADES HOSPITALISÉS ET DE CONSULTATIONS EXTERNES LISTÉS DANS LE REGISTRE, POUR LES 6 DERNIERS MOIS PRÉCÉDANT LE MOIS DE L'ENQUÊTE (EX. SI AUJOURD'HUI C'EST LE 13 SEPTEMBRE, INSCRIRE LES PATIENTS DE LA PÉRIODE ALLANT DU 1er MARS AU 31 AOUT, AFIN DE COUVRIR 6 MOIS COMPLETS) . SI SANS OBJET, INSCRIRE "999"
E66: ENQUÊTEUR : SI SUR RENDEZ-VOUS SEULEMENT, INSCRIRE "8", SI SANS OBJET, INSCRIRE "9"
I68: 2. S'il vous plaît noter le nombre total de patients inscrits dans le registre pendant les 6 derniers mois, en commençant par le dernier mois.
C73: OUI | D73: 1
C74: NON | D74: 2
B75: Soins curatifs et préventifs
A76: 36 | B76: Soins curatifs par médecin | E76: |__| | F76: |__|__|__|__|__|__| | G76: |__|__|__|__|__|__| | H76: par visite | I76: |__|__|__| | J76: |__|__|__| | K76: |__|__|__| | L76: |__|__|__| | M76: |__|__|__| | N76: |__|__|__| | O76: |__|__|__| | P76: |__|__|__| | Q76: |__|__|__| | R76: |__|__|__| | S76: |__|__|__| | T76: |__|__|__|
A77: 37 | B77: Soins curatifs par infirmier / Sage-femme | E77: |__| | F77: |__|__|__|__|__|__| | G77: |__|__|__|__|__|__| | H77: par visite | I77: |__|__|__| | J77: |__|__|__| | K77: |__|__|__| | L77: |__|__|__| | M77: |__|__|__| | N77: |__|__|__| | O77: |__|__|__| | P77: |__|__|__| | Q77: |__|__|__| | R77: |__|__|__| | S77: |__|__|__| | T77: |__|__|__|
A78: 38 | B78: Soins curatifs par Agent de santé communautaire | E78: |__| | F78: |__|__|__|__|__|__| | G78: |__|__|__|__|__|__| | H78: par visite | I78: |__|__|__| | J78: |__|__|__| | K78: |__|__|__| | L78: |__|__|__| | M78: |__|__|__| | N78: |__|__|__| | O78: |__|__|__| | P78: |__|__|__| | Q78: |__|__|__| | R78: |__|__|__| | S78: |__|__|__| | T78: |__|__|__|
A79: 39 | B79: Test de diagnostic rapide du paludisme | E79: |__| | F79: |__|__|__|__|__|__| | G79: |__|__|__|__|__|__| | H79: par test | I79: |__|__|__| | J79: |__|__|__| | K79: |__|__|__| | L79: |__|__|__| | M79: |__|__|__| | N79: |__|__|__| | O79: |__|__|__| | P79: |__|__|__| | Q79: |__|__|__| | R79: |__|__|__| | S79: |__|__|__| | T79: |__|__|__|
A80: 40 | B80: Diagnostic en laboratoire du paludisme | E80: |__| | F80: |__|__|__|__|__|__| | G80: |__|__|__|__|__|__| | H80: par analyse | I80: |__|__|__| | J80: |__|__|__| | K80: |__|__|__| | L80: |__|__|__| | M80: |__|__|__| | N80: |__|__|__| | O80: |__|__|__| | P80: |__|__|__| | Q80: |__|__|__| | R80: |__|__|__| | S80: |__|__|__| | T80: |__|__|__|
A81: 41 | B81: Traitement du paludisme par une polythérapie à base d'artésunate (ACT) | E81: |__| | F81: |__|__|__|__|__|__| | G81: |__|__|__|__|__|__| | H81: par visite | I81: |__|__|__| | J81: |__|__|__| | K81: |__|__|__| | L81: |__|__|__| | M81: |__|__|__| | N81: |__|__|__| | O81: |__|__|__| | P81: |__|__|__| | Q81: |__|__|__| | R81: |__|__|__| | S81: |__|__|__| | T81: |__|__|__|
A82: 42 | B82: Diagnostic en laboratoire de la tuberculose | E82: |__| | F82: |__|__|__|__|__|__| | G82: |__|__|__|__|__|__| | H82: par nouveau cas | I82: |__|__|__| | J82: |__|__|__| | K82: |__|__|__| | L82: |__|__|__| | M82: |__|__|__| | N82: |__|__|__| | O82: |__|__|__| | P82: |__|__|__| | Q82: |__|__|__| | R82: |__|__|__| | S82: |__|__|__| | T82: |__|__|__|
A83: 43 | B83: Traitement de la tuberculose | E83: |__| | F83: |__|__|__|__|__|__| | G83: |__|__|__|__|__|__| | H83: par visite
A84: 44 | B84: Consultations prénatales (CPN) | E84: |__| | F84: |__|__|__|__|__|__| | G84: |__|__|__|__|__|__| | H84: par visite | I84: |__|__|__| | J84: |__|__|__| | K84: |__|__|__| | L84: |__|__|__| | M84: |__|__|__| | N84: |__|__|__| | O84: |__|__|__| | P84: |__|__|__| | Q84: |__|__|__| | R84: |__|__|__| | S84: |__|__|__| | T84: |__|__|__|
A85: 45 | B85: Transfusion de sang | E85: |__| | F85: |__|__|__|__|__|__| | G85: |__|__|__|__|__|__| | H85: par acte
A86: 46 | B86: Prise en charge de la malnutrition | E86: |__| | F86: |__|__|__|__|__|__| | G86: |__|__|__|__|__|__| | H86: par traitement sous surveillance directe | I86: |__|__|__| | J86: |__|__|__| | K86: |__|__|__| | L86: |__|__|__| | M86: |__|__|__| | N86: |__|__|__| | O86: |__|__|__| | P86: |__|__|__| | Q86: |__|__|__| | R86: |__|__|__| | S86: |__|__|__| | T86: |__|__|__|
B87: Services liés aux Infections sexuellement transmissibles
A88: 47 | B88: counselling (Conseil pour le Depistage Initié par le Prestataire DCIP) et distribution des préservatifs | E88: |__| | F88: |__|__|__|__|__|__| | G88: |__|__|__|__|__|__| | H88: par visite | I88: |__|__|__| | J88: |__|__|__| | K88: |__|__|__| | L88: |__|__|__| | M88: |__|__|__| | N88: |__|__|__| | O88: |__|__|__| | P88: |__|__|__| | Q88: |__|__|__| | R88: |__|__|__| | S88: |__|__|__| | T88: |__|__|__|
A89: 48 | B89: Diagnostic, traitement selon l'approche syndromique | E89: |__| | F89: |__|__|__|__|__|__| | G89: |__|__|__|__|__|__| | H89: par visite | I89: |__|__|__| | J89: |__|__|__| | K89: |__|__|__| | L89: |__|__|__| | M89: |__|__|__| | N89: |__|__|__| | O89: |__|__|__| | P89: |__|__|__| | Q89: |__|__|__| | R89: |__|__|__| | S89: |__|__|__| | T89: |__|__|__|
B90: Services VIH / SIDA
A91: 49 | B91: Conseil et Dépistage Volontaire | E91: |__| | F91: |__|__|__|__|__|__| | G91: |__|__|__|__|__|__| | H91: par visite | I91: |__|__|__| | J91: |__|__|__| | K91: |__|__|__| | L91: |__|__|__| | M91: |__|__|__| | N91: |__|__|__| | O91: |__|__|__| | P91: |__|__|__| | Q91: |__|__|__| | R91: |__|__|__| | S91: |__|__|__| | T91: |__|__|__|
A92: 50 | B92: Prévention de la transmission du VIH / Sida de la mère à l'enfant (PTME) | E92: |__| | F92: |__|__|__|__|__|__| | G92: |__|__|__|__|__|__| | H92: par visite | I92: |__|__|__| | J92: |__|__|__| | K92: |__|__|__| | L92: |__|__|__| | M92: |__|__|__| | N92: |__|__|__| | O92: |__|__|__| | P92: |__|__|__| | Q92: |__|__|__| | R92: |__|__|__| | S92: |__|__|__| | T92: |__|__|__|
A93: 51 | B93: Prophylaxie post-expositionnelle
A94: 52 | B94: Traitement Antirétroviral (ARV) | E94: |__| | F94: |__|__|__|__|__|__| | G94: |__|__|__|__|__|__| | H94: par visite | I94: |__|__|__| | J94: |__|__|__| | K94: |__|__|__| | L94: |__|__|__| | M94: |__|__|__| | N94: |__|__|__| | O94: |__|__|__| | P94: |__|__|__| | Q94: |__|__|__| | R94: |__|__|__| | S94: |__|__|__| | T94: |__|__|__|
A95: 53 | B95: Soins d'urgence dans les 72 heures (en cas de viol) | E95: |__| | F95: |__|__|__|__|__|__| | G95: |__|__|__|__|__|__| | H95: par visite | I95: |__|__|__| | J95: |__|__|__| | K95: |__|__|__| | L95: |__|__|__| | M95: |__|__|__| | N95: |__|__|__| | O95: |__|__|__| | P95: |__|__|__| | Q95: |__|__|__| | R95: |__|__|__| | S95: |__|__|__| | T95: |__|__|__|
A96: 54 | B96: Séjour à l'hôpital | E96: |__| | F96: |__|__|__|__|__|__| | G96: |__|__|__|__|__|__| | H96: par jour | I96: |__|__|__| | J96: |__|__|__| | K96: |__|__|__| | L96: |__|__|__| | M96: |__|__|__| | N96: |__|__|__| | O96: |__|__|__| | P96: |__|__|__| | Q96: |__|__|__| | R96: |__|__|__| | S96: |__|__|__| | T96: |__|__|__|
A97: 55 | B97: Évacuation en ambulance vers un autre centre de référence | E97: |__| | F97: |__|__|__|__|__|__| | G97: |__|__|__|__|__|__| | H97: par transport | I97: |__|__|__| | J97: |__|__|__| | K97: |__|__|__| | L97: |__|__|__| | M97: |__|__|__| | N97: |__|__|__| | O97: |__|__|__| | P97: |__|__|__| | Q97: |__|__|__| | R97: |__|__|__| | S97: |__|__|__| | T97: |__|__|__|
B98: Services Préscolaire
A99: 56 | B99: Consultation Préscolaire | E99: |__| | F99: |__|__|__|__|__|__| | G99: |__|__|__|__|__|__| | H99: par transport | I99: |__|__|__| | J99: |__|__|__| | K99: |__|__|__| | L99: |__|__|__| | M99: |__|__|__| | N99: |__|__|__| | O99: |__|__|__| | P99: |__|__|__| | Q99: |__|__|__| | R99: |__|__|__| | S99: |__|__|__| | T99: |__|__|__|

Sheet 9Frais imposés aux usagers
A1: =-9 -> -9 | B1: FRAIS DES PRESTATIONS ET DES MEDICAMENTS | G1: INSCRIRE LES RÉPONSES
A2: PERSONNE INTERROGÉE: RESPONSABLE DE LA FORMATION SANITAIRE OU LE MEMBRE DU PERSONNEL LE MIEUX INFORMÉ
A3: =A1-0.01 -> -9.01 | B3: Quel est le mode de paiement pour la consultation curative dans la Formation Sanitaire | C3: Forfait | D3: 1 | G3: |___|
C4: Acte | D4: 2
A5: =A3-0.01 -> -9.02 | B5: Les patients paient-ils les frais de consultation ? | C5: OUI | D5: 1 | G5: |___|
C6: NON | D6: 2
A7: =A5-0.01 -> -9.03 | B7: Les patients paient-ils les frais de laboratoire pour les examens ? | C7: OUI | D7: 1 | G7: |___|
C8: NON | D8: 2
C9: SANS OBJET | D9: 9
A10: =A7-0.01 -> -9.04 | B10: Les patients paient-ils les frais de radiographie/imagerie médicale ? | C10: OUI | D10: 1 | G10: |___|
C11: NON | D11: 2
C12: SANS OBJET | D12: 9
A13: =A10-0.01 -> -9.05 | B13: Les patients paient-ils les frais d'hospitalisation / Observation ? | C13: OUI | D13: 1 | G13: |___|
C14: NON | D14: 2
A15: =A13-0.01 -> -9.06 | B15: Les patients paient-ils les frais pour les consommables (ex : compresses, seringues, etc)? | C15: OUI | D15: 1 | G15: |___|
C16: NON | D16: 2
A17: =A15-0.01 -> -9.07 | B17: Les patients paient-ils les frais pour les médicaments? | C17: OUI | D17: 1 | G17: |___|
C18: NON | D18: 2 | E18: ► | F18: =A28 -> -9.11 | L18: =UPPER(L17)
A19: -9.1 | B19: Qui fixe les prix des médicaments ? | C19: a. Chef de la formation sanitaire / personne en charge de la formation sanitaire | G19: |___|
C20: b. Personnel de la formation sanitaire | G20: |___|
B21: ENQUÊTEUR : LIRE TOUTES LES OPTIONS À HAUTE VOIX. POUR CHAQUE OPTION, INSCRIRE "1" SI LA RÉPONSE EST OUI, ET "2" SI C'EST NON. | C21: d. Ministère de la Santé (Siège) - niveau national | G21: |___|
C22: e. DPS/ Ministere provencial de sante | G22: |___|
C23: f. ECZS
C24: f. Relais communautaire ou leur représentant /leader | G24: |___|
C25: g. Membres de la communauté | G25: |___|
C26: h. Comité Directeur/gestion/santé (COSA/CODI/COGE) | G26: |___|
C27: i. Autre, spécifiez | G27: |___|
A28: =A19-0.01 -> -9.11 | B28: Pendant les 3 derniers mois, à quelle fin la formation sanitaire a utilisé les revenus des frais imposables aux usagers? | C28: a. Infrastructure de la formation sanitaire | G28: |___|
C29: b. Achat d'équipement et de fournitures pour la formation sanitaire | G29: |___|
C30: c. Médicaments | G30: |___|
C31: d. Activités du plan d'action de la formation sanitaire | G31: |___|
B32: ENQUÊTEUR : LIRE TOUTES LES OPTIONS À HAUTE VOIX. POUR CHAQUE OPTION, INSCRIRE "1" SI LA RÉPONSE EST OUI, ET "2" SI C'EST NON. | C32: e. Consultations et médicaments des personnes indigentes | G32: |___|
C33: f. Les salaires du personnel | G33: |___|
C34: g. Des primes au rendement du personnel | G34: |___|
C35: h. Autre, spécifiez | G35: |___|
A36: =A28-0.01 -> -9.12 | B36: Les personnes suivantes sont-elles exonérées de certains frais? | C36: a. Veuves | G36: |___|
C37: b. Les enfants de moins de 5 ans | G37: |___|
C38: c. Personnes âgées (plus de 60 ans) | G38: |___|
C39: d. Orphelins | G39: |___|
C40: e. Les patients tuberculeux | G40: |___|
B41: ENQUÊTEUR : LIRE TOUTES LES OPTIONS À HAUTE VOIX. POUR CHAQUE OPTION, INSCRIRE "1" SI LA RÉPONSE EST OUI, ET "2" SI C'EST NON. | C41: f. Les malades du VIH/SIDA | G41: |___|
C42: g. Les indigents / plus pauvres | G42: |___|
C43: h. Les personnes physiquement handicapées | G43: |___|
C44: i. Le personnel militaire | G44: |___|
C45: j. Les femmes enceintes | G45: |___|
C46: k. Les Réfugiés | G46: |___|
C47: l. Autre, spécifiez | G47: |___|
A48: =A36-0.01 -> -9.13 | B48: Qui décide d'exonérer les patients du paiement de certains frais? | C48: a. Chef de la formation sanitaire / personne en charge de la formation sanitaire | G48: |___|
C49: b. Personnel de la formation sanitaire | G49: |___|
C50: c. Personnel d'Organisation Non Gouvernementale | G50: |___|
C51: d. Ministère de la Santé (Siège) | G51: |___|
C52: e. Division provinciale de la Santé | G52: |___|
C53: f. Communes | G53: |___|
B54: ENQUÊTEUR : LIRE TOUTES LES OPTIONS À HAUTE VOIX. POUR CHAQUE OPTION, INSCRIRE "1" SI LA RÉPONSE EST OUI, ET "2" SI C'EST NON. | C54: g. Action sociale | G54: |___|
C55: h. Relais communautaire ou leur représentant /leader | G55: |___|
C56: i. Membres de la communauté | G56: |___|
C57: j. Comité de Gestion | G57: |___|
C58: k. Autre, spécifiez: | G58: |___|
A59: =A48-0.01 -> -9.14 | B59: Les patients exonérés de frais reçoivent-ils une carte spéciale qui leur permet de recevoir des services gratuitement? | C59: OUI | F59: 1 | G59: |___|
C60: NON | F60: 2
A61: =A59-0.01 -> -9.15 | B61: Cette formation sanitaire participe-t-elle à une régime d'assurance maladie / mutuelle de santé? | C61: OUI | D61: 1 | G61: |___|
C62: NON | D62: 2 | E62: ► | F62: -11.01
A63: =A61-0.01 -> -9.16 | B63: Quel type d'assurance maladie? | C63: Publique | D63: 1 | G63: |___|
C64: Mutuelle de sante
C65: Privée | D65: 2
C66: Les deux | D66: 3
A67: =A63-0.01 -> -9.17 | B67: Quels sont les services couverts par ce régime d'assurance-maladie? | C67: a. Consultation de nourrisson (y compris la vaccination) | G67: |___|
C68: b. Soins aux enfants malades | G68: |___|
B69: ENQUÊTEUR : LIRE TOUTES LES OPTIONS À HAUTE VOIX. POUR CHAQUE OPTION, INSCRIRE "1" SI LA RÉPONSE EST OUI, ET "2" SI C'EST NON. | C69: c. Soins aux malades externes adultes | G69: |___|
C70: d. La consulation prénatale | G70: |___|
C71: e. Soins d'accouchement | G71: |___|
C72: f. Les soins post-partum | G72: |___|
C73: g. Hospitalisations et soins aux patients hospitalisés | G73: |___|
C74: h. Examens de laboratoire | G74: |___|
C75: i. Radiographie | G75: |___|
C76: j. Références/Evacuations | G76: |___|
C77: k. Autre, spécifiez: | G77: |___|
A78: =A67-0.01 -> -9.18 | B78: A quoi est-ce que la formation sanitaire destine-t-elle les fonds collectés par le biais du régime d'assurance? | C78: a. Infrastructures de la formation sanitaire | G78: |___|
C79: b. Achat d'équipement et de fournitures pour la formation sanitaire | G79: |___|
B80: ENQUÊTEUR : LIRE TOUTES LES OPTIONS À HAUTE VOIX. POUR CHAQUE OPTION, INSCRIRE "1" SI LA RÉPONSE EST OUI, ET "2" SI C'EST NON. | C80: c. Approvisionnement en médicaments | G80: |___|
C81: d. Activités du plan d'action de la formation sanitaire | G81: |___|
C82: e. Salaires du personnel | G82: |___|
C83: f. Primes de rendement du personnel | G83: |___|
C84: g.Consultations et médicaments des personnes couvertes par l'assurance | G84: |___|
C85: h. Autre | G85: |___|

Sheet 11Autonomie
A1: =-11 -> -11 | B1: Autonomie
A2: PERSONNE INTERROGÉE: Responsable de la formation sanitaire
A4: =A1-0 -> -11 | B4: CODE D'IDENTIFICATION DE LA PERSONNE INTERROGÉE À PARTIR DE LA LISTE DU PERSONNEL
A6: Dans cette partie du questionnaire, j'aimerais savoir comment le travail est organisé et les décisions prises au sein de cette formation sanitaire. Toutes les réponses sont confidentielles.
A7: Je vais à présent vous lire une série de déclarations concernant la prise de décision et l'exercice de d'autorité au sein de cette formation sanitaire. Veuillez me dire si vous avez l'impression qu'elles sont vérifiées, la plupart du temps, plus de la moitié du temps, moins de la moitié du temps, rarement ou jamais. | J7: `
D8: CODE DE LA RÉPONSE | H8: INSCRIRE LE CODE DE LA RÉPONSE
D9: LA PLUPART DU TEMPS | G9: 1
D10: PLUS DE LA MOITIÉ DU TEMPS | G10: 2
D11: MOINS DE LA MOITIE DU TEMPS | G11: 3
D12: RAREMENT | G12: 4
D13: JAMAIS | G13: 5
A14: =A1-0.01 -> -11.01 | B14: Je suis en mesure d'allouer le budget de ma formation sanitaire en tenant compte des besoins - sans autorisation d'un niveau superieur. Il existe suffisamment de flexibilité dans mon budget. | H14: |___|
A15: =A14-0.01 -> -11.02 | B15: Je suis en mesure d'assigner des tâches et des activités au personnel de manière à atteindre les résultats escomptés pour la formation sanitaire. Il existe assez de flexibilité dans l'utilisation du personnel afin de parvenir à des solutions . | C15: 1 | D15: 2 | E15: 3 | F15: 4 | G15: 5 | H15: |___|
A16: =A15-0.01 -> -11.03 | B16: L' équipe cadre zone de santé soutient mes décisions et actions visant à améliorer le rendement de la formation sanitaire. | C16: 1 | D16: 2 | E16: 3 | F16: 4 | G16: 5 | H16: |___|
A17: =A16-0.01 -> -11.04 | B17: J'ai la liberté de choisir à qui confier telle ou telle tâche. | C17: 1 | D17: 2 | E17: 3 | F17: 4 | G17: 5 | H17: |___|
A18: =A17-0.01 -> -11.05 | B18: J'ai la liberté de choisir les services à fournir par la formation sanitaire. | C18: 1 | D18: 2 | E18: 3 | F18: 4 | G18: 5 | H18: |___|
A19: =A18-0.01 -> -11.06 | B19: J'ai suffisamment d'autorité me permettant d'obtenir les ressources dont j'ai besoin (médicaments, fournitures, financement) afin de répondre aux besoins de ma formation sanitaire. | C19: 1 | D19: 2 | E19: 3 | F19: 4 | G19: 5 | H19: |___|
A20: =A19-0.01 -> -11.07 | B20: Je comprends très bien les politiques de santé et les procédures de soins. | C20: 1 | D20: 2 | E20: 3 | F20: 4 | G20: 5 | H20: |___|
A21: =A20-0.01 -> -11.08 | B21: Les politiques et procédures sont des outils utiles me permettant de relever les défis qui se présentent à moi dans le cadre de la prestation des services et des rapports sur les activités. | C21: 1 | D21: 2 | E21: 3 | F21: 4 | G21: 5 | H21: |___|
A22: =A21-0.01 -> -11.09 | B22: L' équipe cadre zone de santé me donne un feedback adéquat sur mon travail et le rendement de ma formation sanitaire. | C22: 1 | D22: 2 | E22: 3 | F22: 4 | G22: 5 | H22: |___|

Sheet 12Observation directe
A1: =-12 -> -12 | B1: Observation directe
A2: ENQUÊTEUR : IL N'Y A PAS DE PERSONNE À INTERROGER POUR CETTE SECTION DU QUESTIONNAIRE. APRÈS AVOIR DEMANDÉ L'AUTORISATION, VOUS DEVEZ FAIRE LE TOUR DE LA FORMATION SANITAIRE ET OBSERVEZ LES POINTS DÉCRITS DANS CETTE SECTION.
A3: (A) | B3: GENERAL | H3: ENREGISTRER LES RÉPONSES
A4: -12.02 | B4: Existe-t-il une salle d'attente dans cette formation sanitaire? ENQUÊTEUR : CONFIRMER PAR OBSERVATION DIRECTE. | C4: OUI, VU | E4: 1 | H4: |___|
C5: PAS VU | E5: 2
A6: -12.04 | B6: Existe-il des Salles d'observations dans cette formation sanitaire? ENQUÊTEUR : CONFIRMEZ PAR OBSERVATION DIRECTE. | C6: OUI, VU | E6: 1 | H6: |___|
C7: PAS VU | E7: 2 | F7: ► | G7: =A13 -> (12.09a)
A8: =A6-0.01 -> -12.05 | B8: est-ce qu'on trouve aucune ordure (medicale, nouriture, ou autre) dans tous les salles mentionnées ci-dessus? | C8: OUI, VU | E8: 1 | H8: |___||___|
C9: Pas des ordures, VU | E9: 2
C10: PAS VU | E10: 3
A11: =A8-0.01 -> -12.06 | B11: Existe-t-il des salles séparées pour les hommes et les femmes en cas d'hospitalisation dans cette formation sanitaire (Hopital)? ENQUÊTEUR : CONFIRMEZ PAR OBSERVATION DIRECTE. | C11: OUI, VU | E11: 1 | H11: |___|
C12: PAS VU | E12: 2 | F12: ► | G12: =A13 -> (12.09a)
A13: (12.09a) | B13: Existe-t-il des toilettes fonctionnelles et PROPRES dans cette formation sanitaire? ENQUÊTEUR : CONFIRMEZ PAR OBSERVATION DIRECTE. | C13: OUI, VU- et saines | E13: 1 | H13: |___|
C14: OUI, VU, mais pas saines | E14: 2
C15: PAS VU | E15: 3
A16: -12.1 | B16: Existe-t-il des toilettes séparées pour les hommes et les femmes? ENQUÊTEUR : CONFIRMEZ PAR OBSERVATION DIRECTE. | C16: OUI, VU | E16: 1 | H16: |___|
C17: PAS VU | E17: 2
A18: -12.11 | B18: Est-ce que la formation sanitaire dispose des logements d'astreinte(salle de garde) pour le personnel soignant qui est de garde en dehors des heures habituelles de travail, ex: la nuit? ENQUÊTEUR : CONFIRMEZ PAR OBSERVATION DIRECTE. | C18: OUI, VU | E18: 1 | H18: |___|
C19: PAS VU | E19: 2
A20: -12.12 | B20: Existe-t-il de l'eau pour le lavage des mains et du savon dans la zone de l'examen du patient ? ENQUÊTEUR : CONFIRMEZ PAR OBSERVATION DIRECTE. | C20: OUI, VU | E20: 1 | H20: |___|
C21: PAS VU | E21: 2
A22: -12.13 | B22: Existe-t-il de Gel antiseptique pour le lavage des mains ou du savon dans la zone de l'examen du patient ? ENQUÊTEUR : CONFIRMEZ PAR OBSERVATION DIRECTE. | C22: OUI, VU | E22: 1 | H22: |___|
C23: PAS VU | E23: 2
A24: -12.14 | B24: Existe-t-il un système d’évacuation des déchets (bac à ordures, fosse ou incinérateur)? ENQUÊTEUR : CONFIRMEZ PAR OBSERVATION DIRECTE. | C24: OUI, VU | E24: 1 | H24: |___|
C25: PAS VU | E25: 2
A26: -12.15 | B26: Existe-t-il des receptacles pour les objets pointus et tranchants? ENQUÊTEUR : CONFIRMEZ PAR OBSERVATION DIRECTE. | C26: OUI, VU | E26: 1 | H26: |___|
C27: PAS VU | E27: 2
A28: (B) | B28: AFFICHAGE DES FRAIS EXIGIBLES AUX USAGERS(le tarif) | H28: ENREGISTRER LES RÉPONSES | K28: =UPPER(J28)
A29: -12.17 | B29: Y a-t-il des affiches dans la formation sanitaire qui précisent le montant des frais exigibles pour la consultation, acte, laboratoire etc..? ENQUÊTEUR : SI OUI, CHERCHEZ À VOIR LES AFFICHES DANS LA FORMATION SANITAIRE. | C29: Oui, vu | E29: 1 | H29: |___|
C30: OUI, pas vu | E30: 2
C31: NON | E31: 3
A32: =A29-0.01 -> -12.18 | B32: Est ce que l'un des éléments suivants est affiché publiquement à l'intention des patients? | C32: b. | D32: Jours / heures de service | H32: |___|
B33: ENQUÊTEUR : POUR CHACUN DES DOCUMENTS, DEMANDEZ À VOIR L'AFFICHE ENREGISTREZ LES DONNES SELON LES CODES SUIVANTS: | C33: c. | D33: Rotation du personnel | H33: |___|
C34: d. | D34: Contact de la Direction | H34: |___|
B35: OUI ET VU ………….1 | C35: e. | D35: Politique de gestion des plaintes et suggestions | H35: |___|
B36: OUI, PAS VU……..….2 | C36: f. | D36: Liste des devoirs du patient | H36: |___|
B37: NON………..…….…..3 | C37: g. | D37: Liste des prix des actes et services | H37: |___|
A38: =A32-0.01 -> -12.19 | B38: La Clôture de la Formation sanitaire existe-t-elle et bien entretenue? | C38: VU, bien entretenue | E38: 1 | H38: |___|
C39: VU, mal entretenue | E39: 2
C40: Pas Vu | E40: 3
A41: =A38-0.01 -> -12.2 | B41: La Cour de la FOSA est-elle salubre? | C41: Oui, vu | E41: 1 | H41: |___|
C42: NON | E42: 2
A43: (C) | B43: PROTOCOLES NATIONAUX | H43: ENREGISTRER LES RÉPONSES
A44: ENQUÊTEUR : DEMANDEZ AU MÉDECIN DIRECTEUR OU A L'INFIRMIER TITULAIRE OU AU PERSONNEL LE PLUS INFORMÉ DE VOUS MONTRER LES PROTOCOLES DE SOINS CLINIQUES.
A45: =A41-0.01 -> -12.21 | B45: Matériel pour la sensibilisation des patients, les séances de CCC(éducation sanitaire)= Boites à image, affiches ; vidéos depliants….) | C45: VU | E45: 1 | H45: |___|
C46: PAS VU | E46: 2
A47: =(A45-0.01) -> -12.22 | B47: Ordinogramme (Stratégie Pratique et Traitement) | C47: VU | E47: 1 | H47: |___|
C48: PAS VU | E48: 2
A49: =A47-0.01 -> -12.23 | B49: Prise en charge intégrée des maladies de l'enfant (PCIME) livret comportant la fiche ou affiche murale | C49: VU | E49: 1 | H49: |___|
C50: PAS VU | E50: 2
A51: =A49-0.01 -> -12.24 | B51: Fiche de suivi de la croissance des enfants( CPS) | C51: VU - | E51: 1 | H51: |___|
C52: PAS VU | E52: 2
A53: =A51-0.01 -> -12.25 | B53: Protocole national sur le diagnostic et le traitement de la tuberculose (PATI5) | C53: VU | E53: 1 | H53: |___|
C54: PAS VU | E54: 2
A55: =A53-0.01 -> -12.26 | B55: Système National d'Information Sanitaire: directives | C55: VU | E55: 1 | H55: |___|
C56: PAS VU | E56: 2
A57: =A55-0.01 -> -12.27 | B57: Protocole national sur le diagnostic et le traitement du paludisme | C57: VU | E57: 1 | H57: |___|
C58: PAS VU | E58: 2
A59: =A57-0.01 -> -12.28 | B59: Protocole national portant sur la vaccination des enfants | C59: VU | E59: 1 | H59: |___|
C60: PAS VU | E60: 2
A61: =A59-0.01 -> -12.29 | B61: Normes et procédures en matière de santé de la reproduction | C61: VU | E61: 1 | H61: |___|
C62: PAS VU | E62: 2
A63: =A61-0.01 -> -12.3 | B63: Protocole national portant sur la prise en charge des infections sexuellement transmissibles | C63: VU | E63: 1 | H63: |___|
C64: PAS VU | E64: 2
A65: =A63-0.01 -> -12.31 | B65: Protocole national sur le dépistage du VIH, le counselling et le traitement | C65: VU | E65: 1 | H65: |___|
C66: PAS VU | E66: 2
A67: =A65-0.01 -> -12.32 | B67: Protocole national sur la Prévention de la transmission du VIH / SIDA de la Mère à l'Enfant (PTME) | C67: VU | E67: 1 | H67: |___|
C68: PAS VU | E68: 2
A69: =A67-0.01 -> -12.33 | B69: Liste des médicaments essentiels | C69: VU | E69: 1 | H69: |___|
C70: PAS VU | E70: 2
A71: =A69-0.01 -> -12.34 | B71: Plan national d'approvisionnement en médicaments | C71: VU | E71: 1 | H71: |___|
C72: PAS VU | E72: 2
A73: =A71-0.01 -> -12.35 | B73: Fiches de déclaration des effets indésirables des médicaments ou des vaccins | C73: VU | E73: 1 | H73: |___|
C74: PAS VU | E74: 2
A75: =A73-0.01 -> -12.36 | B75: Directives SONU (Soins Obstétricaux et Néonataux d'Urgence) | C75: VU | E75: 1 | H75: |___|
C76: PAS VU | E76: 2
A77: =A73-0.01 -> -12.36 | B77: Fiche de référence ou contre référence | C77: VU | E77: 1 | H77: |___|
C78: PAS VU | E78: 2
A79: =A75-0.01 -> -12.37 | B79: Existance des Rapports SNIS rempli pour les six (6) dernier mois | C79: VU | E79: 1 | H79: |___|
C80: PAS VU | E80: 2

Sheet 13DOEquipment
A1: =-13 -> -13 | B1: Équipement (Observation directe)
A2: ENQUÊTEUR : IL N'Y A PAS DE PERSONNE À INTERROGER POUR CETTE SECTION DU QUESTIONNAIRE. APRÈS AVOIR DEMANDÉ L'AUTORISATION, VOUS DEVEZ FAIRE LE TOUR DE LA FORMATION SANITAIRE ET OBSERVER LES POINTS DÉCRITS DANS CETTE SECTION.
A3: (A) | B3: Équipement général | H3: ENREGISTRER LES RÉPONSES
A4: -13.02 | B4: BIEN VOULOIR NOTER LA QUANTITE DE CHAQUE TYPE DE MATÉRIEL. NOTER "0" SI AUCUN DES MATÉRIELS NE FONCTIONNE | H4: QUANTITE OPERATIONNELLE | I4: QUANTITE OPERATIONNELLE
A5: 1 | B5: Horloge munie d'une aiguille de secondes | H5: |__|__| | I5: |__|__|
A6: 2 | B6: Mètre ruban | H6: |__|__| | I6: |__|__|
A7: 3 | B7: Balance pour adultes | H7: |__|__| | I7: |__|__|
A8: 4 | B8: Toise bébé | H8: |__|__| | I8: |__|__|
A9: 5 | B9: Pèse-bébé | H9: |__|__| | I9: |__|__|
A10: 6 | B10: Tensiomètre muni de brassard pour adultes | H10: |__|__| | I10: |__|__|
A11: 7 | B11: Tensiomètre muni de brassard pour enfants | H11: |__|__| | I11: |__|__|
A12: 8 | B12: Thermomètre | H12: |__|__| | I12: |__|__|
A13: 9 | B13: Stéthoscope médical adulte | H13: |__|__| | I13: |__|__|
A14: 10 | B14: Stéthoscope médical enfant | H14: |__|__| | I14: |__|__|
A15: 11 | B15: Tubes pour perfusion | H15: |__|__| | I15: |__|__|
... A29: 25 | B29: microperfuseur | H29: |__|__| | I29: |__|__|
A30: (B) | B30: Matériel de stérilisation | H30: ENREGISTRER LES RÉPONSES
A31: =-13.04 -> -13.04 | B31: BIEN VOULOIR NOTER LA QUANTITÉ DE CHAQUE TYPE DE MATÉRIEL. NOTER "0" SI LE MATÉRIEL NE FONCTIONNE PAS OU N'EST PAS DISPONIBLE. | H31: QUANTITE DISPONIBLE | I31: QUANTITE OPERATIONNELLE
A32: a. | B32: Autoclave électrique (pression et chaleur humide) | H32: |__|__| | I32: |__|__|
A33: b. | B33: Autoclave non-électrique (pression et chaleur humide) | H33: |__|__| | I33: |__|__|
A34: c. | B34: Stérilisateur électrique (Poupinel) | H34: |__|__| | I34: |__|__|
A35: d. | B35: Bouilloire ou chauffe-eau électrique (sans pression) | H35: |__|__| | I35: |__|__|
A36: e. | B36: Marmite non électrique avec couvercle (chauffage à vapeur) | H36: |__|__| | I36: |__|__|
A37: f. | B37: Source de chaleur pour les appareils non électriques | H37: |__|__| | I37: |__|__|
A38: (D) | B38: Matériel de consultations prénatales | H38: ENREGISTRER LES RÉPONSES
A39: -13.08 | B39: BIEN VOULOIR NOTER LA QUANTITÉ DE CHAQUE TYPE DE MATÉRIEL. NOTER 00 SI LE MATÉRIEL NE FONCTIONNE PAS OU N'EST PAS DISPONIBLE. | H39: QUANTITE DISPONIBLE | I39: QUANTITE OPERATIONNELLE
A40: a. | B40: Table de consultation gynécologique | H40: |__|__| | I40: |__|__|
A41: b. | B41: Réglette ou courbe d'estimation de la date d'accouchement (Gravidogramme) | H41: |__|__| | I41: |__|__|
A42: c. | B42: Stéthoscope obstétrical | H42: |__|__| | I42: |__|__|
A43: d. | B43: Sonicaid | H43: |__|__| | I43: |__|__|
A44: e | B44: Echographe | H44: |__|__| | I44: |__|__|
A45: h. | B45: Speculum | H45: |__|__| | I45: |__|__|
A46: k. | B46: Lampe baladeuse/torche | H46: |__|__| | I46: |__|__|
A47: l | B47: Toise adulte | H47: |__|__| | I47: |__|__|
A48: ( E ) | B48: Matériel pour accouchement et soins aux nouveaux-nés | H48: ENREGISTRER LES RÉPONSES
A49: -13.1 | B49: BIEN VOULOIR NOTER LA QUANTITÉ DE CHAQUE TYPE DE MATÉRIEL. NOTER 00 SI LE MATÉRIEL NE FONCTIONNE PAS OU N'EST PAS DISPONIBLE. | H49: QUANTITE DISPONIBLE | I49: QUANTITE OPERATIONNELLE
A50: 1 | B50: Table d'accouchement | H50: |__|__| | I50: |__|__|
A51: 2 | B51: Partogramme | H51: |__|__| | I51: |__|__|
A52: 3 | B52: Éclairage salle accouchement (nombre de lampes) | H52: |__|__| | I52: |__|__|
A53: 4 | B53: Materiel d'aspiration manuel | H53: |__|__| | I53: |__|__|
A54: 5 | B54: Matériel d'aspiration électrique | H54: |__|__| | I54: |__|__|
A55: 6 | B55: Ballon de réanimation, nouveau-né | H55: |__|__| | I55: |__|__|
A56: 7 | B56: Pince pour cordon ombilical | H56: |__|__| | I56: |__|__|
A57: 8 | B57: Bande stérile | H57: |__|__| | I57: |__|__|
A58: 9 | B58: Fil de suture absorbable | H58: |__|__| | I58: |__|__|
A59: 10 | B59: Fil de suture non absorbable | H59: |__|__| | I59: |__|__|
A60: 11 | B60: Serviettes propres | H60: |__|__| | I60: |__|__|
... A87: 38 | B87: Registre d'accouchements | H87: |__|__| | I87: |__|__|

Sheet 14DOMédicaments
A1: =-14 -> -14 | B1: Stockage et disponibilité des médicaments et vaccins
A2: PERSONNE INTERROGÉE: PHARMACIEN, MÉDECIN DIRECTEUR OU INFIRMIER TITULAIRE OU LE MEMBRE DU PERSONNEL LE MIEUX INFORMÉ
A3: Maintenant, j'aimerais vous poser une question sur le stockage et la disponibilité des médicaments dans la Formation sanitaire
A4: -14.01 | B4: Où est ce que la formation sanitaire s'approvisionne t-elle en médicament? | C4: a. | D4: Dépôt du Bureau central de la zone | H4: |___|
C5: b. | D5: Central d'achat des médicaments essentiels | H5: |___|
C6: c. | D6: Organisation Non Gouvernementale | H6: |___|
B7: ENQUÊTEUR : LIRE TOUTES LES OPTIONS À HAUTE VOIX. POUR CHAQUE OPTION, ENREGISTRER "1" SI LA RÉPONSE EST OUI, ET "2" SI C'EST NON. | C7: d. | D7: Réseaux religieux | H7: |___|
C8: e. | D8: Aupres des fournisseurs privés | H8: |___|
C9: f. | D9: AUTRE, spécifiez | H9: |___|
A10: =A4-0.01 -> -14.02 | B10: A quelle fréquence la formation sanitaire s'approvisionne-t-elle en médicaments? | C10: a. | D10: Chaque mois | H10: |___|
C11: b. | D11: Chaque trimestre
C12: c. | D12: En cas de besoin ( à tout moment)
C13: d. | D13: AUTRE, spécifiez
A14: =A10-0.01 -> -14.03 | B14: Quel est votre niveau de satisfaction de trois dernières commandes réalisées ? | D14: Très satisfaisant (plus de 80%) | G14: 1 | H14: |___|
D15: Satisfaisant (60 à 79%) | G15: 2
D16: Pas du tout satisfaisant (50-59% | G16: 3
D17: Non satisfaisant (en dessous de 50%) | G17: 4
A18: =A14-0.01 -> -14.04 | B18: Comment la formation Sanitaire gère t-elle les medicaments perimés | C18: a. | D18: BRULER / INCINÉRER | H18: |___|
C19: b. | D19: JETER AUX ORDURES | H19: |___|
B20: ENQUÊTEUR : LIRE TOUTES LES OPTIONS À HAUTE VOIX. POUR CHAQUE OPTION, ENREGISTRER "1" SI LA RÉPONSE EST OUI, ET "2" SI C'EST NON. | C20: c. | D20: ENFOUISSEMENT AU SOL | H20: |___|
C21: d. | D21: AUTRE, spécifiez | H21: |___|
A22: =A18-0.01 -> -14.05 | B22: Est ce que les personnes suivantes ont le droit d'approvisionner ce centre en médicaments ou matériels.......? | C22: a. | D22: Médecin Inspecteur provincial | H22: |___|
C23: b. | D23: Médecin Directeur | H23: |___|
C24: c. | D24: Chef de service ou Chef d'unité | H24: |___|
C25: d. | D25: Représentant des infirmiers titulaires | H25: |___|
C26: e. | D26: Représentant du comité de santé | H26: |___|
C27: f. | D27: Partenaires privés et confessionnels | H27: |___|
B28: ENQUÊTEUR : LIRE TOUTES LES OPTIONS À HAUTE VOIX. POUR CHAQUE OPTION, ENREGISTRER "1" SI LA RÉPONSE EST OUI, ET "2" SI C'EST NON. | C28: g. | D28: Représentant des associations de développement | H28: |___|
C29: h. | D29: Représentant(s) du village/quartier | H29: |___|
C30: i. | D30: Autre (A préciser) | H30: |___|
A31: =A22-0.01 -> -14.06 | B31: Pouvez-vous me conduire à l'endroit où l'on stocke les médicaments dans cette formation sanitaire ? | C31: Oui, vu | E31: 1 | H31: |___|
C32: Non, il n'existe pas un tel endroit | E32: 2 | F32: ► | G32: =C61 -> -14.16
A33: =A31-0.01 -> -14.07 | B33: ENQUÊTEUR : VERIFIEZ SI CETTE SALLE EST SÉPARÉE DE CELLE DE LA VENTE DES MÉDICAMENTS? | C33: OUI | G33: 1 | H33: |___|
C34: NON | G34: 2
A35: =(A33-0.01) -> -14.08 | B35: Pendant combien d'heures la pharmacie est-elle ouverte pour chacun des jours suivants ? | E35: a. Lundi | H35: |___|___|
E36: b. Mardi | H36: |___|___|
E37: c. Mercredi | H37: |___|___|
B38: ENQUÊTEUR : POUR CHACUN DES JOURS, INSCRIRE LE NOMBRE D'HEURES PENDANT LESQUELLES CE SERVICE EST OFFERT. SI CE SERVICE N'EST PAS OFFERT, INSCRIRE "00". | E38: d. Jeudi | H38: |___|___|
E39: e. Vendredi | H39: |___|___|
E40: f. Samedi | H40: |___|___|
E41: g. Dimanche | H41: |___|___|
A42: =(A35-0.01) -> -14.09 | B42: Cette pharmacie sert-elle seulement à garder et distribuer les médicaments ou sert-elle à autre chose? | C42: Seulement à garder et distribuer les médicaments | G42: 1 | H42: |___|
C43: Elle sert aussi à autre chose | G43: 2
A44: =A42-0.01 -> -14.1 | B44: Peut-on fermer les portes et fenêtres pour la sécurité de la pharmacie ? | C44: OUI | G44: 1 | H44: |___|
C45: NON | G45: 2
A46: =A44-0.01 -> -14.11 | B46: ENQUÊTEUR : EST CE QUE LA ZONE DE STOCKAGE DES MÉDICAMENTS EST PROPRE, UN PEU SALE, OU SALE? | C46: PROPRE | G46: 1 | H46: |___|
C47: UN PEU SALE | G47: 2
C48: SALE | G48: 3
A49: =A46-0.01 -> -14.12 | B49: ENQUÊTEUR : EST CE QUE LE PLAFOND, LES MURS, LE SOL ET LES FENÊTRES ONT L'AIR SEC ET A L'ABRI DE TOUTES INFILTRATION D'EAU? | C49: SECS, PAS DE TRACES D'INFILTRATION D'EAU | G49: 1 | H49: |___|
C50: SECS MAIS IL Y A DES TRACES D'INFILTRATION D'EAU | G50: 2
C51: HUMIDITÉ / EAU | G51: 3
A52: =A49-0.01 -> -14.13 | B52: ENQUÊTEUR : LES FENÊTRES SONT-ELLES PROTÉGÉES CONTRE LES RAYONS DU SOLEIL? | C52: FENÊTRES COUVERTES | G52: 1 | H52: |___|
C53: FENÊTRES NON COUVERTES | G53: 2
C54: PAS DE FENÊTRES | G54: 3
A55: =A52-0.01 -> -14.14 | B55: ENQUÊTEUR : LES MÉDICAMENTS SONT-ILS STOCKES SUR UNE PLATEFORME SURÉLEVÉE? | C55: OUI | G55: 1 | H55: |___|
C56: NON | G56: 2
A57: =A55-0.01 -> -14.15 | B57: Est-ce que la pharmacie tient une fiche ou un registre de stocks? ENQUÊTEUR : SI OUI, DEMANDEZ A VOIR CETTE FICHE OU REGISTRE | C57: Oui, vu | G57: 1 | H57: |___|
C58: OUI, pas vu | G58: 2
C59: NON | G59: 3
A60: ="POUR CHAQUE MÉDICAMENT, POSEZ LES QUESTIONS "&TEXT(-C61,"(0,00)")&" JUSQU'A "&TEXT(-H61,"(0,00)") -> POUR CHAQUE MÉDICAMENT, POSEZ LES QUESTIONS (014) JUSQU'A (014)
C61: =A57-0.01 -> -14.16 | D61: =C61-0.01 -> -14.17 | E61: =D61-0.01 -> -14.18 | F61: =E61-0.01 -> -14.19 | H61: =F61-0.01 -> -14.2
C62: Quelle est la quantité de [MEDICAMENTS] en unite par dosage | D62: A combien est-ce que vous vendez la cure de [MÉDICAMENT] aux patients? | E62: Quelle quantité de [MÉDICAMENT] est disponible en stock en ce moment? | F62: Pendant les 30 derniers jours, y a-t-il eu rupture de stock de ce médicament à un moment donné? | H62: Pendant les 30 derniers jours, ce médicament a été en rupture durant combien de jours?
E63: ="SI NON, NOTER 00 ET ► "&TEXT(-H61,"(0,00)") -> SI NON, NOTER 00 ET ► (014) | F63: OUI | G63: 1
F64: NON | G64: 2
F65: ►PROCHAIN MEDICAMENT
A66: Médicaments usuels
A67: 1 | B67: Pommade Tétracycline ophthalmologique | C67: Tube | D67: |__|__|__| | E67: |__|__|__| | F67: |__| | H67: |__|__|
A68: =A67+1 -> 2 | B68: Paracétamol comprimés | C68: Comprimé | D68: |__|__|__| | E68: |__|__|__| | F68: |__| | H68: |__|__|
A69: =A68+1 -> 3 | B69: Paracétamol (sirop) | C69: flacon | D69: |__|__|__| | E69: |__|__|__| | F69: |__| | H69: |__|__|
A70: =A69+1 -> 4 | B70: Amoxicilline (comprimé ou capsule) | C70: plaquette | D70: |__|__|__|
A71: =A70+1 -> 5 | B71: Amoxicilline (sirop) | C71: flacon | D71: |__|__|__| | E71: |__|__|__| | F71: |__| | H71: |__|__|
A72: =A71+1 -> 6 | B72: Amoxicilline (injectable) | C72: flacon | D72: |__|__|__| | E72: |__|__|__| | F72: |__| | H72: |__|__|
A73: =A72+1 -> 7 | B73: Solution de réhydration orale (SRO) | C73: sachet | D73: |__|__|__| | E73: |__|__|__| | F73: |__| | H73: |__|__|
A74: =A73+1 -> 8 | B74: Fer (avec ou sans acide folique) | C74: Comprimé | D74: |__|__|__| | E74: |__|__|__| | F74: |__| | H74: |__|__|
A75: =A74+1 -> 9 | B75: Acide folique | C75: plaquette | D75: |__|__|__|
A76: =A75+1 -> 10 | B76: Cotrimoxazole comprimés | C76: Comprimé | D76: |__|__|__| | E76: |__|__|__| | F76: |__| | H76: |__|__|
A77: =A76+1 -> 11 | B77: Cotrimoxazole sirop | C77: flacon | D77: |__|__|__| | E77: |__|__|__| | F77: |__| | H77: |__|__|
A78: =A77+1 -> 12 | B78: Vitamine A | C78: gellule | D78: |__|__|__| | E78: |__|__|__| | F78: |__| | H78: |__|__|
A79: =A78+1 -> 13 | B79: Serum physiologique (0,9%) | C79: poche/flacon (Baxter) | D79: |__|__|__| | E79: |__|__|__|
A80: =A79+1 -> 14 | B80: Eau stérile (eau distillée) | C80: flacon | E80: |__|__|__|
A81: =A80+1 -> 15 | B81: Liquide de Ringer | C81: poche/flacon (Baxter) | E81: |__|__|__|
A82: =A81+1 -> 16 | B82: Serum glucosé isotonique | C82: poche/flacon (Baxter) | E82: |__|__|__|
A83: =A82+1 -> 17 | B83: Solution d'hémacel | C83: poche/flacon (Baxter) | E83: |__|__|__|
A84: 18 | B84: Ampicilline | C84: ampoule
A85: 19 | B85: Benzathine Benzypénicilline (Extencelline) | C85: ampoule | E85: |__|__|__|
A86: 20 | B86: Phénoxyméthylpenicilline (Peni-V) | C86: Comprimé | E86: |__|__|__|
A87: 21 | B87: Cloxacilline | C87: plaquette | E87: |__|__|__|
A88: 22 | B88: Mébendazole | C88: Comprimé | D88: |__|__|__| | E88: |__|__|__| | F88: |__| | H88: |__|__|__|
A89: 23 | B89: Métronidazole comprimés | C89: Comprimé | E89: |__|__|__|
A90: 24 | B90: Meéronidazole (sirop) | C90: Flacon
A91: 25 | B91: Miconazole crème | C91: tube
A92: 26 | B92: Furosémide (Comprimé) | C92: Comprimé | E92: |__|__|__|
A93: 27 | B93: Furosémide (Ampoule) | C93: ampoule | E93: |__|__|__|
A94: 28 | B94: Hydrocortisone | C94: flacon
A95: 29 | B95: Polyvidoneiodée(betadine) | C95: flacon | E95: |__|__|__|
A96: 30 | B96: Alcool éthylique (96%) | C96: flacon
A97: 31 | B97: Compresse | C97: Paquet | E97: |__|__|__|
A98: 32 | B98: Coton | C98: sachet | E98: |__|__|__|
A99: 33 | B99: Gants chirurgicaux | C99: paquets | E99: |__|__|__|
A100: 34 | B100: Gants de soins | C100: paquets | E100: |__|__|__|
...
